 Dungeon Crawl Stone Soup version 0.30.1-9-gdf580d7c3d (webtiles) character file.

Game seed: 10991872986433930313

326740 Nonny the Hoplite (level 21, -1/141 HPs)
             Began as a Tengu Fighter on Oct 14, 2023.
             Was the Champion of the Shining One.
             Slain by a sphinx (4 damage)
             ... on level 5 of the Vaults.
             The game lasted 03:53:52 (37307 turns).

Nonny the Hoplite (Tengu Fighter)                  Turns: 37307, Time: 03:53:53

Health: -1/141     AC: 29    Str: 40    XL:     21   Next: 65%
Magic:  35/37      EV: 16    Int: 11    God:    the Shining One [******]
Gold:   2451       SH: 36    Dex: 15    Spells: 17/20 levels left

rFire   + + .        a - +10 zealot's sword {holy, Zealotry, *Rage rN+ EV+3}
rCold   + + .        C - +3 tower shield
rNeg    + + +        V - +1 gold dragon scales
rPois   +            z - +1 hat
rElec   .            H - scarf {shadows}
rCorr   .            p - +2 pair of gloves {Stlth+}
SInv    .            (boots unavailable)
Will    +....        Y - amulet "Ybiycih" {rF+ Regen+ Str+6 Int+2} Stlth
                     E - +6 ring of strength
HPRegen 1.23/turn    J - ring "Caveb" {rC+ MP+9 Stlth+}
MPRegen 0.25/turn

%: random rage (20%)
@: divinely shielded, marked, on berserk cooldown, flying quickly and evasively,
slowed, glowing, studying Short Blades, very slow
A: beak, talons 3, nimble flight, strong 1
}: 2/15 runes: barnacled, gossamer
a: Renounce Religion, Divine Shield, Cleansing Flame, Summon Divine Warrior


You were on level 5 of the Vaults.
You worshipped the Shining One.
The Shining One was exalted by your worship.
You visited 6 branches of the dungeon, and saw 34 of its levels.
You visited the Abyss 2 times.
You also visited: Bailey and Gauntlet.

You collected 5192 gold pieces.
You spent 2741 gold pieces at shops.

Inventory:

Hand Weapons
 a - the +10 zealot's sword (weapon) {holy, Zealotry, *Rage rN+ EV+3}
   (You found it on level 3 of the Dungeon)

   Zealotry:  Whenever the wielder enters a berserk rage, their allies are
   berserked alongside them.
   EV:        It affects your evasion (+3).
   rN:        It protects you from negative energy.
   *Rage:     It berserks you when you make melee attacks (+20% chance).
 b - the +7 long sword of Piuru {flame, rF+ MP+9 Str-3}
   (You found it on level 11 of the Dungeon)

   Str:       It affects your strength (-3).
   rF:        It protects you from fire.
   MP:        It affects your magic capacity (+9).
 T - a +7 eudemon blade of holy wrath
Missiles
 r - 6 curare-tipped darts (quivered)
 A - a throwing net
Armour
 p - a +2 pair of gloves of stealth (worn)
 z - a +1 hat (worn)
 B - a scarf of resistance
 C - a +3 tower shield (worn)
 H - a scarf of shadows (worn)
 R - a +0 troll leather armour
 U - the +1 plate armour "Mossaodgh" {rF+ rC- rCorr Dex+2}
   (You bought it in a shop on level 3 of the Vaults)

   Dex:       It affects your dexterity (+2).
   rF:        It protects you from fire.
   rC:        It makes you vulnerable to cold.
   rCorr:     It protects you from acid and corrosion.
 V - +1 gold dragon scales (worn)
Magical Staves
 X - the staff of air "Xeji Xiw" {rElec Str+3}
   (You found it on level 4 of the Shoals)

   [staff of air]

   Base accuracy: +5 Base damage: 5 Base attack delay: 1.2 This weapon's minimum
   attack delay (0.6) is reached at skill level 12.
   Str:       It affects your strength (+3).
   rElec:     It insulates you from electricity.
   It falls into the 'Staves' category.
   It is a one-handed weapon.
Jewellery
 c - a ring of willpower
 y - a ring of resist corrosion
 E - a +6 ring of strength (left hand)
 J - the ring "Caveb" (right hand) {rC+ MP+9 Stlth+}
   (You acquired it on level 1 of the Spider Nest)

   [ring of protection from cold]

   rC:        It protects you from cold.
   MP:        It affects your magic capacity (+9).
   Stlth:     It makes you more stealthy.
 P - a ring of protection from fire
 Y - the amulet "Ybiycih" (around neck) {rF+ Regen+ Str+6 Int+2}
   (You acquired it on level 5 of the Vaults)

   [amulet of regeneration]

   Str:       It affects your strength (+6).
   Int:       It affects your intelligence (+2).
   rF:        It protects you from fire.
   Regen:     It increases your rate of health regeneration.
Wands
 d - a wand of flame (9)
 e - a wand of roots (45)
 i - a wand of light (11)
 t - a wand of mindburst (18)
 w - a wand of charming (25)
 K - a wand of polymorph (12)
 O - a wand of digging (22)
Scrolls
 n - 4 scrolls of noise
 q - 5 scrolls of fear
 v - 5 scrolls of amnesia
 F - 2 scrolls of blinking
 G - a scroll of butterflies
 I - 9 scrolls of magic mapping
 M - 2 scrolls of fog
 N - a scroll of poison
 Q - 4 scrolls of immolation
 S - 6 scrolls of teleportation
Potions
 f - 19 potions of curing
 g - 3 potions of berserk rage
 h - 4 potions of haste
 j - 8 potions of mutation
 l - 7 potions of magic
 m - a potion of ambrosia
 s - a potion of cancellation
 u - 6 potions of brilliance
 x - 7 potions of might
 D - a potion of resistance
Miscellaneous
 k - a lightning rod (4/4)
 L - a box of beasts
 W - a phial of floods


   Skills:
 - Level 18.0 Fighting
 - Level 7.0(11.3) Short Blades
 - Level 13.8(14.4) Long Blades
 + Level 20.7 Armour
 - Level 7.1 Dodging
 - Level 6.0 Stealth
 + Level 24.0 Shields
 - Level 3.0 Air Magic
 - Level 9.0 Invocations


You had 17 spell levels left.
You knew the following spells:

 Your Spells              Type           Power      Damage    Failure   Level
a - Swiftness             Air            6%         N/A       89%         3

Your spell library contained the following spells:

 Spells                   Type           Power      Damage    Failure   Level
 Shock                    Conj/Air       12%        1d3       77%         1
 Poisonous Vapours        Pois/Air       6%         N/A       88%         2
 Apportation              Tloc           0%         N/A       92%         1
 Kiss of Death            Conj/Necr      0%         2d5       92%         1
 Magic Dart               Conj           0%         1d3       92%         1
 Necrotise                Necr           0%         1d4       92%         1
 Sandblast                Erth           0%         2d4       92%         1
 Sting                    Tmut/Pois      0%         1d3       92%         1
 Summon Small Mammal      Summ           0%         N/A       92%         1
 Blink                    Tloc           0%         N/A       98%         2
 Call Imp                 Summ           0%         N/A       98%         2
 Ensorcelled Hibernation  Hex/Ice        0%         N/A       98%         2
 Lesser Beckoning         Tloc           0%         N/A       98%         2
 Momentum Strike          Conj/Tloc      0%         3d8       98%         2
 Passwall                 Tmut/Erth      0%         N/A       98%         2
 Sublimation of Blood     Necr           0%         N/A       98%         2
 Vhi's Electric Charge    Tloc/Air       6%         N/A       98%         3
 Mephitic Cloud           Conj/Pois/Air  2%         N/A       99%         3
 Confusing Touch          Hex            0%         N/A       100%        3
 Dazzling Flash           Conj/Hex       0%         N/A       100%        3
 Frozen Ramparts          Ice            0%         1d1       100%        3
 Ozocubu's Armour         Ice            0%         N/A       100%        3
 Portal Projectile        Hex/Tloc       0%         N/A       100%        3
 Spider Form              Tmut/Pois      0%         N/A       100%        3
 Stone Arrow              Conj/Erth      0%         3d7       100%        3
 Summon Guardian Golem    Hex/Summ       0%         N/A       100%        3
 Tukima's Dance           Hex            0%         N/A       100%        3
 Airstrike                Air            3%         2d(1-17)  100%        4
 Anguish                  Hex/Necr       0%         N/A       100%        4
 Animate Armour           Summ/Erth      0%         N/A       100%        4
 Dispel Undead            Necr           0%         3d6       100%        4
 Ice Form                 Ice/Tmut       0%         N/A       100%        4
 Manifold Assault         Tloc           0%         N/A       100%        4
 Olgreb's Toxic Radiance  Pois           0%         N/A       100%        4
 Passage of Golubria      Tloc           0%         N/A       100%        4
 Petrify                  Tmut/Erth      0%         N/A       100%        4
 Sticky Flame             Conj/Fire      0%         2d3       100%        4
 Summon Ice Beast         Ice/Summ       0%         N/A       100%        4
 Agony                    Necr           0%         N/A       100%        5
 Alistair's Intoxication  Tmut/Pois      0%         N/A       100%        5
 Arcjolt                  Conj/Air       1%         1d11      100%        5
 Blade Hands              Tmut           0%         N/A       100%        5
 Irradiate                Conj/Tmut      0%         3d11      100%        5
 Silence                  Hex/Air        1%         N/A       100%        5
 Summon Forest            Summ/Tloc      0%         N/A       100%        5
 Yara's Violent Unravell  Hex/Tmut       0%         3d3       100%        5
 Eringya's Noxious Bog    Tmut/Pois      0%         N/A       100%        6
 Iron Shot                Conj/Erth      0%         9d1       100%        6
 Plasma Beam              Fire/Air       1%         2x1d12    100%        6
 Orb of Destruction       Conj           0%         9d5       100%        7
 Ozocubu's Refrigeration  Ice            0%         4d7       100%        7
 Spellforged Servitor     Conj/Summ      0%         N/A       100%        7
 Storm Form               Tmut/Air       1%         N/A       100%        7
 Summon Hydra             Summ           0%         N/A       100%        7
 Discord                  Hex            0%         N/A       100%        8
 Ignition                 Fire           0%         3d3       100%        8
 Necromutation            Tmut/Necr      0%         N/A       100%        8
 Summon Horrible Things   Summ           0%         N/A       100%        8


Dungeon Overview and Level Annotations

Branches:
Dungeon (15/15)            Temple (1/1) D:6            Lair (5/5) D:9
 Shoals (4/4) Lair:3       Spider (4/4) Lair:2        Slime (0/5) Lair:5
    Orc (0/2) D:11         Vaults (5/5) D:14          Crypt (0/3) Vaults:3
 Depths (0/4) D:15         Bailey (visited)         Gauntlet (visited)

Altars:
Ashenzari
Cheibriados
Elyvilon
Fedhas
Gozag
Hepliaklqana
Kikubaaqudgha
Makhleb
Nemelex Xobeh
Okawaru
Qazlal
Ru
Sif Muna
Trog
Uskayaw
Vehumet
Wu Jian
Xom
Yredelemnul
Zin
The Shining One

Shops:
D:5 =   Shoals:2 =   Vaults:1 ***   Vaults:2 *   Vaults:3 [

Annotations:
D:8 Psyche
Shoals:3 Bai Suzhen
Shoals:4 3 runed translucent doors, Wiggles's ghost, adept MiBe; wingedge's ghost, adept HuWn
Vaults:1 3 runed translucent doors, exclusion: obsidian statue, Angmar's ghost, veteran DrAE


Innate Abilities, Weirdness & Mutations

You have a beak for a mouth.
You have claws for feet.
Your magical nature lets you fly swiftly and evasively.
Your muscles are strong. (Str +4, Int/Dex -1)


Message History

The necromancer binds the souls of nearby monsters.
The vault guard barely misses you.
The vault guard hits your angel with a +0 war axe.
The ettin hits you with a +0 dire flail!! x2
The sphinx mumbles some strange words.
Something smites you!
* * * LOW HITPOINT WARNING * * *
Your daeva hits the ironbound preserver with a +4 scimitar of holy wrath!!
Your daeva hits the ironbound preserver with a +4 scimitar of holy wrath!
Your angel hits the sphinx with a +1 whip of holy wrath!!
Your angel hits the sphinx but does no damage.
The necromancer mumbles some strange words.
The necromancer binds the souls of nearby monsters.
The ironbound preserver mumbles some strange words.
The ironbound preserver is healed somewhat.
The ettin misses you. The ettin barely misses you.
The vault guard hits you but does no damage.
The vault guard barely misses your angel.
Your daeva blocks the vault warden's attack.
You feel better.
You feel less invigorated.
Your angel hits the sphinx with a +1 whip of holy wrath.
Your angel hits the sphinx with a +1 whip of holy wrath!
You block the sphinx's attack. The sphinx closely misses you.
You block the sphinx's attack.
Your daeva hits the vault warden but does no damage.
Your daeva hits the vault warden with a +4 scimitar of holy wrath!
Your angel hits the sphinx with a +1 whip of holy wrath. x2
The vault warden hits your daeva with a +4 battleaxe of flaming!!
The vault warden burns your daeva.
The vault guard hits you but does no damage.
The vault guard hits your angel with a +0 war axe.
The ettin hits you with a +0 dire flail!!
* * * LOW HITPOINT WARNING * * *
The ettin hits you with a +0 dire flail!!
* * * LOW HITPOINT WARNING * * *
The ironbound preserver casts a spell.
The ironbound preserver is healed somewhat.
A deep elf high priest comes into view.
It is wielding the +1 battleaxe "Joshrai" {freeze, rElec Will+ Str+4} and wearing a +0 plate armour of poison resistance.
The sphinx hits you.
You die...

##########################
#.)..CppA.HA..............
#...ppppC@p...............
#...ep####################
#........... .....
#........... .....
#..#.p...... .....
#..#..###### ##### #..#(.#
.... #. #..# .... # #..#
####


You could see 3 ironbound preservers, a titan (soul bound, sheltered), a sphinx
(soul bound, sheltered, ally target), a vault warden (soul bound, distracted,
ally target), 3 vault guards, an ettin (soul bound), a deep elf high priest
(soul bound, sheltered), a necromancer, a friendly daeva (summoned) and a
friendly angel (summoned).

Vanquished Creatures
  A dread lich (Vaults:5)
  Mara (Vaults:2)
  Jory (Vaults:4)
  Rupert (D:15)
  2 liches
  Mlioglotl (Spider:4)
  5 sphinxes
  2 tentacled starspawn (Abyss:1)
  A kraken (Shoals:3)
  A storm dragon (Vaults:5)
  Kirke (Spider:4)
  An iron dragon (Vaults:5)
  A frost giant (Shoals:4)
  4 ghost moths
  Ilsuiw (Shoals:2)
  12 emperor scorpions
  11 vault wardens
  The ghost of laqueoix the Devastator, a journeyman OpCj of Ashenzari (Spider:1)
  A balrug (Gauntlet)
  A fire giant (Vaults:5)
  Louise (Shoals:4)
  2 orc warlords
  A stone giant (Vaults:5)
  14 ironbound preservers
  3 very ugly things
  9 ironbound thunderhulks
  3 dire elephants
  A lorocyproca (Abyss:1)
  A minotaur (Gauntlet)
  A spark wasp (shapeshifter) (Vaults:5)
  2 spark wasps
  2 merfolk javelineers (Shoals:4)
  6 merfolk impalers
  An entropy weaver (shapeshifter) (D:14)
  A fire dragon (Lair:5)
  8 entropy weavers
  13 vault guards
  A deep elf high priest (Vaults:5)
  A spriggan zombie (Abyss:1)
  4 great orbs of eyes
  8 yaktaur captains
  5 jorogumos
  2 ice dragons (D:15)
  5 hydras
  A spriggan skeleton (Abyss:1)
  7 centaur warriors
  6 ironbound frosthearts
  2 ogre magi (D:14)
  5 merfolk avatars
  3 two-headed ogres
  A catoblepas (Lair:2)
  13 boulder beetles
  An anaconda (Lair:5)
  An alligator snapping turtle (Shoals:4)
  3 merfolk aquamancers
  2 alligators (Lair:5)
  2 satyrs
  13 death yaks
  3 tengu warriors
  A death scarab (Spider:1)
  Sonja (Lair:5)
  A skeletal warrior (Vaults:3)
  Lodul (D:12)
  2 glowing orange brains (Abyss:1)
  4 skysharks
  A sun moth (Spider:1)
  3 pharaoh ants
  15 sea snakes
  3 wolf spider zombies (Spider:3)
  13 orb spiders
  Pikel (D:6)
  3 orc knights (Vaults:3)
  3 steelbarb worms
  37 ugly things
  37 deep trolls
  7 spectral wolf spiders (Spider:3)
  2 phantasmal warriors
  24 harpies
  14 lindwurms
  13 ironbound convokers
  7 wizards
  A necromancer (Vaults:3)
  23 wolf spiders
  4 fauns
  A deep elf pyromancer (D:14)
  12 elephants
  A worldbinder (Abyss:1)
  2 oklob plants (Shoals:4)
  6 cyclopes
  19 manticores
  3 moths of wrath
  4 black mambas
  11 vault sentinels
  10 water nymphs
  3 gargoyles
  10 merfolk sirens
  An emperor scorpion simulacrum (Spider:1)
  A smoke demon (Abyss:1)
  8 demonic crawlers
  7 torpor snails
  12 cane toads
  An alligator snapping turtle zombie (Abyss:1)
  Maggie (D:7)
  25 yaktaurs
  An unseen horror (D:12)
  2 ghost moth simulacra (Spider:1)
  2 kobold demonologists (D:11)
  A rime drake (Lair:4)
  3 tengu conjurers
  An efreet (D:15)
  4 komodo dragons
  2 freezing wraiths
  3 wind drakes
  A harpy zombie (Abyss:1)
  23 merfolk
  3 meliai (Spider:2)
  A troll (D:11)
  10 polar bears (Lair:5)
  4 tyrant leeches (Lair:5)
  3 wolf spider simulacra
  A tarantella (shapeshifter) (D:15)
  11 hornets
  26 blink frogs
  28 tarantellas
  37 slime creatures
  3 dream sheep
  9 raiju
  9 snapping turtles
  A flying skull (Abyss:1)
  Sigmund (D:3)
  23 culicivoras
  25 jumping spiders
  2 shadows (D:11)
  4 wyverns
  2 vampires
  3 wraiths
  2 ynoxinuls (Abyss:1)
  29 yaks
  3 starcursed masses (Abyss:1)
  6 hogs (Spider:4)
  10 water elementals
  66 redbacks
  A human (D:14)
  3 vampire mosquitoes (D:14)
  A chaos spawn (Abyss:1)
  A steam dragon (D:9)
  3 basilisks
  A two-headed ogre zombie (D:11)
  4 wargs (Lair:5)
  15 hell hounds
  Menkaure (D:7)
  2 acid dragons
  10 water moccasins
  6 large abominations (Abyss:1)
  2 sky beasts (D:7)
  An ice beast (D:7)
  5 orc warriors
  12 black bears
  7 ogres
  24 wolves
  13 centaurs
  A lemure (D:6)
  4 phantoms
  3 kobold brigands
  6 small abominations (Abyss:1)
  5 bullfrogs
  A gnoll sergeant (D:11)
  A scorpion (D:5)
  2 entropy weaver simulacra (Spider:1)
  10 wights
  A troll zombie (D:11)
  6 killer bees (D:8)
  6 jellies
  An electric eel (Spider:4)
  8 howler monkeys
  4 hounds
  2 orc priests
  An iron imp (Abyss:1)
  A gnoll bouda (D:8)
  Crazy Yiuf (D:3)
  3 iguanas
  8 orc wizards
  6 ogre zombies (D:11)
  27 gnolls
  6 adders
  2 shadow imps
  3 white imps
  4 ufetubi
  2 worms
  3 dart slugs
  37 orcs
  5 ball pythons
  A bat zombie (D:5)
  8 endoplasms
  3 giant cockroaches
  32 goblins
  29 hobgoblins
  2 jackals (D:5)
  31 kobolds
  4 quokkas
  7 bats
  3 frilled lizards (D:1)
  A goblin zombie (D:11)
  2 hobgoblin skeletons (D:11)
  3 hobgoblin zombies (D:11)
  19 orc zombies (D:11)
  5 rats
  3 rat zombies (D:5)
  A butterfly (Lair:2)
  A lurking horror (Abyss:1)
  3 tentacles (Shoals:3)
1372 creatures vanquished.

Vanquished Creatures (collateral kills)
  2 tentacled monstrosities (Vaults:5)
  2 titans (Vaults:5)
  3 tengu reavers (Vaults:5)
  A deep elf sorcerer (Vaults:5)
  2 fire giants (Vaults:5)
  An ironbound preserver (Vaults:5)
  A stone giant (Vaults:5)
  A deep elf annihilator (Vaults:5)
  An ettin (Vaults:5)
  4 vault guards (Vaults:5)
  A hell knight (Vaults:5)
  A deep troll (Vaults:5)
  A phantasmal warrior (Vaults:5)
  2 vault sentinels (Vaults:5)
23 creatures vanquished.

Vanquished Creatures (others)
  5 starspawn tentacles (Abyss:1)
  8 tentacles (Shoals:3)
13 creatures vanquished.

Grand Total: 1408 creatures vanquished

Notes
Turn   | Place    | Note
-------+----------+-------------------------------------------
     0 | D:1      | Nonny the Tengu Fighter began the quest for the Orb.
     0 | D:1      | Reached XP level 1. HP: 14/14 MP: 2/2
    83 | D:1      | Starting vault: arcade alien spaceship
   117 | D:1      | Found a faded altar of an unknown god.
   214 | D:1      | +2 dagger of freezing
   327 | D:1      | Passwall should be very necessary here.
   348 | D:1      | Reached XP level 2. HP: 19/19 MP: 3/3
   735 | D:2      | NOTIUMI ACEEGG - identify
   736 | D:2      | amethyst - curing
   737 | D:2      | metallic golden potion - berserk rage
   739 | D:2      | Reached XP level 3. HP: 22/23 MP: 4/4
  1115 | D:2      | Reached XP level 4. HP: 28/28 MP: 5/5
  1142 | D:2      | Book of Iron
  1334 | D:3      | +1 dagger of electrocution on a goblin
  1338 | D:3      | Noticed Sigmund
  1416 | D:3      | Found the +10 zealot's sword {holy, Zealotry, *Rage rN+
                  | EV+3}
  1521 | D:3      | Found a bloodstained altar of Trog.
  1580 | D:3      | Killed Sigmund
  1581 | D:3      | Gained mutation: Your magical nature lets you fly swiftly
                  | and evasively. [Tengu growth]
  1581 | D:3      | Reached XP level 5. HP: 19/33 MP: 6/6
  1581 | D:3      | Reached XP level 6. HP: 22/38 MP: 7/7
  1747 | D:3      | +0 barding in northern forest area.
  1880 | D:3      | Found a runed translucent door.
  1881 | D:3      | Noticed Crazy Yiuf
  1887 | D:3      | Killed Crazy Yiuf
  2118 | D:4      | Reached skill level 5 in Armour
  2218 | D:4      | Reached skill level 5 in Long Blades
  2242 | D:4      | Reached XP level 7. HP: 43/43 MP: 8/8
  2309 | D:4      | Book of Cantrips
  2347 | D:4      | Found a broken altar of Ashenzari.
  2535 | D:5      | Entered Level 5 of the Dungeon
  2559 | D:5      | Reached skill level 4 in Shields
  2794 | D:5      | Reached skill level 1 in Stealth
  2932 | D:5      | Reached XP level 8. HP: 48/48 MP: 9/9
  3071 | D:5      | staff of death
  3121 | D:5      | Goblin + Gnoll fortress
  3186 | D:5      | Found Ygaomea's Jewellery Shop.
  3226 | D:5      | Found an ornate altar of the Wu Jian Council.
  3265 | D:5      | +3 rC+ chain mail from a gnoll
  3386 | D:5      | Found an ancient bone altar of Kikubaaqudgha.
  3945 | D:6      | PYIBBI MAUPU - noise
  3946 | D:6      | XISUHU KERE - amnesia
  3947 | D:6      | KOLONU BEAFU - poison
  3948 | D:6      | PICILA ETIS - magic mapping
  3949 | D:6      | BOIQET XIOKELI - scroll of butterflies
  3950 | D:6      | DAINOQE OQIE - blinking
  3951 | D:6      | GORUACH VYAFF - enchant weapon
  4034 | D:6      | Reached skill level 5 in Fighting
  4065 | D:6      | Found a white marble altar of Elyvilon.
  4065 | D:6      | Found a glowing silver altar of Zin.
  4065 | D:6      | Found a glowing golden altar of the Shining One.
  4069 | D:6      | Became a worshipper of the Shining One
  4094 | D:6      | bubbling purple potion - lignification
  4101 | D:6      | +0 rapier of electrocution in north
  4132 | D:6      | Found a staircase to the Ecumenical Temple.
  4142 | D:6      | Temple in northwest
  4143 | Temple   | Entered the Ecumenical Temple
  4218 | Temple   | Temple:three oval-like chambers
  4284 | D:6      | +0 boots of rampaging
  4506 | D:6      | Noticed a manticore
  4514 | D:6      | Killed a manticore
  4515 | D:6      | Reached XP level 9. HP: 54/54 MP: 10/10
  4558 | D:6      | inky potion - degeneration
  4695 | D:7      | yellow potion - heal wounds
  4702 | D:7      | Noticed Maggie
  4710 | D:7      | Killed Maggie
  4735 | D:7      | Noticed Pikel
  4809 | D:6      | Killed Pikel
  4810 | D:6      | Reached skill level 10 in Long Blades
  4945 | D:7      | silvery potion - magic
  5026 | D:7      | Reached XP level 10. HP: 61/61 MP: 11/11
  5168 | D:7      | Reached * piety under the Shining One
  5178 | D:7      | Noticed Menkaure
  5182 | D:7      | Killed Menkaure
  5687 | D:8      | Got the Quarto of the Nauseating Chill
  5688 | D:8      | Quarto of the Nauseating Chill
  5964 | D:8      | OMI OV XAGODIR - fear
  5965 | D:8      | ENEMOM AMNAEP - teleport
  6069 | D:8      | Noticed Psyche
  6289 | D:9      | Found a flagged portal.
  6309 | Bailey   | Entered a bailey
  6340 | Bailey   | Noticed an orc warlord
  6340 | Bailey   | Reached ** piety under the Shining One
  6475 | Bailey   | Reached skill level 1 in Invocations
  6515 | Bailey   | Found a runed translucent gate.
  6517 | Bailey   | Found a runed translucent gate.
  6519 | Bailey   | Found a runed translucent gate.
  6624 | Bailey   | Killed an orc warlord
  6625 | Bailey   | Orc warlord did 32 out of 64 damage. Not ideal, even with
                  | haste, might, and him standing in water. I should have used
                  | the TSO shield, but it's all good now.
  6795 | D:9      | Noticed a two-headed ogre
  6816 | D:9      | Killed a two-headed ogre
  6817 | D:9      | Reached XP level 11. HP: 69/69 MP: 12/14
  6848 | D:9      | Noticed a two-headed ogre
  6879 | D:9      | Killed a two-headed ogre
  7035 | D:9      | Book of Air somewhere around here.
  7039 | D:9      | Learned a level 3 spell: Swiftness
  7302 | D:9      | Found a staircase to the Lair.
  7307 | D:9      | Lair entrance in southwest corner. No vault.
  7322 | D:10     | Entered Level 10 of the Dungeon
  7342 | D:10     | Reached skill level 5 in Shields
  7508 | D:11     | Paralysed by a hornet for 2 turns
  7680 | D:11     | Noticed a manticore
  7680 | D:11     | Reached *** piety under the Shining One
  7681 | D:11     | Orcish Mine zombies entrance.
  7702 | D:11     | Killed a manticore
  7726 | D:11     | Reached **** piety under the Shining One
  7729 | D:11     | Found a staircase to the Orcish Mines.
  7733 | D:11     | Reached skill level 10 in Fighting
  7762 | D:11     | Noticed a manticore
  7772 | D:11     | Killed a manticore
  7953 | D:11     | Noticed a two-headed ogre
  7955 | D:11     | Noticed a boulder beetle
  7974 | D:11     | Killed a two-headed ogre
  7975 | D:11     | Reached skill level 6 in Shields
  7988 | D:11     | Killed a boulder beetle
  8122 | D:11     | staff of air in east
  8149 | D:11     | Gained mutation: Your muscles are strong. (Str +4, Int/Dex
                  | -1) [a neqoxec]
  8153 | D:11     | Reached skill level 5 in Invocations
  8232 | D:11     | Noticed a cyclops
  8254 | D:11     | Reached XP level 12. HP: 35/79 MP: 16/16
  8474 | D:11     | Identified the +7 long sword of Piuru {flame, rF+ MP+9
                  | Str-3}
  8775 | D:12     | Reached skill level 7 in Shields
  8905 | D:12     | fuming inky potion - cancellation
  9135 | D:12     | Noticed Lodul
  9276 | D:12     | Killed Lodul
  9579 | D:12     | Acquired a manual of Fighting
  9676 | D:13     | brown potion - resistance
  9689 | D:13     | Reached ***** piety under the Shining One
 10191 | D:13     | Noticed a centaur warrior
 10196 | D:13     | Killed a centaur warrior
 10197 | D:13     | Reached skill level 8 in Shields
 10504 | D:13     | A vault takes up a significant part of this floor.
 10518 | D:14     | murky purple potion - flight
 10530 | D:14     | Noticed an eight-headed hydra
 10541 | D:14     | Killed a three-headed hydra
 10575 | D:14     | Noticed a boulder beetle
 10586 | D:14     | Killed a boulder beetle
 10659 | D:14     | Found a gate leading to a gauntlet.
 10663 | D:14     | Found a stormy altar of Qazlal.
 10678 | D:14     | It's in the east.
 10680 | Gauntlet | Entered a Gauntlet
 10680 | Gauntlet | Found a transporter.
 10680 | Gauntlet | Found a transporter.
 10685 | Gauntlet | Found a transporter.
 10685 | Gauntlet | Noticed a tengu warrior
 10700 | Gauntlet | Found a transporter.
 10717 | Gauntlet | Found a transporter.
 10730 | Gauntlet | Found a transporter.
 10734 | Gauntlet | Noticed a balrug
 10814 | Gauntlet | Found a transporter.
 10821 | Gauntlet | Found a transporter.
 10832 | Gauntlet | Found a transporter.
 10835 | Gauntlet | Found a transporter.
 10840 | Gauntlet | Found a transporter.
 10840 | Gauntlet | Found a transporter.
 10858 | Gauntlet | Noticed a quicksilver ooze
 10877 | Gauntlet | Found a transporter.
 10880 | Gauntlet | Found a transporter.
 10896 | Gauntlet | Found a transporter.
 10934 | Gauntlet | Found a transporter.
 11057 | Gauntlet | Killed a tengu warrior
 11060 | Gauntlet | Reached skill level 9 in Shields
 11175 | Gauntlet | Killed a balrug
 11176 | Gauntlet | Reached XP level 13. HP: 83/91 MP: 18/18
 11203 | Gauntlet | Noticed a minotaur
 11208 | Gauntlet | Killed a minotaur
 11212 | Gauntlet | Minotaur has +0 gold dragon scales. B)
 11225 | Gauntlet | Got Qoaqee's Encyclopedia of the Manifold Brambles
 11233 | Gauntlet | Felid, minotaur, dwarf skeletons... Dude's decorated for
                  | Halloween.
 11235 | Gauntlet | +2 rC+ robe
 11331 | D:14     | Noticed a vault guard
 11352 | D:14     | Killed a vault guard
 11413 | D:14     | Reached skill level 15 in Fighting
 11413 | D:14     | Noticed a vault guard
 11424 | D:14     | Killed a vault guard
 11432 | D:14     | Reached skill level 10 in Shields
 11452 | D:14     | Noticed a vault guard
 11461 | D:14     | Killed a vault guard
 11500 | D:14     | Found a gate to the Vaults.
 11500 | D:14     | Noticed a vault guard
 11500 | D:14     | Noticed a vault guard
 11507 | D:14     | Killed a vault guard
 11510 | D:14     | Killed a vault guard
 11899 | D:14     | Book of Dreams in west
 12263 | D:15     | Entered Level 15 of the Dungeon
 12306 | D:15     | Reached skill level 11 in Shields
 12481 | D:15     | Reached XP level 14. HP: 84/103 MP: 19/19
 12547 | D:15     | Wolf spider behind door in little water chamber vault.
 12923 | D:15     | Found a staircase to the Depths.
 12948 | D:15     | Two ice dragons guard Depths entrance in center of floor.
 13175 | D:15     | Noticed Rupert
 13331 | D:15     | Killed Rupert
 13332 | D:15     | Reached skill level 12 in Shields
 13336 | D:15     | Rupert has a +3 chain mail of positive energy rN+
 13454 | D:15     | Reached ****** piety under the Shining One
 13682 | D:14     | entropy weaver
 13850 | Lair:1   | Entered Level 1 of the Lair of Beasts
 13988 | Lair:1   | Inescapable Atlas in northwest
 14602 | Lair:1   | smoky purple potion - attraction
 14636 | Lair:2   | Reached skill level 10 in Armour
 14775 | Lair:2   | Identified the +5 hand axe "Murmur" {drain, rCorr Dex+3}
 14776 | Lair:2   | Identified the +5 lajatang of Articulation {freeze, Stlth+}
 14780 | Lair:2   | These things and a manual of short blades are in the
                  | southwest.
 14957 | Lair:2   | Found a hole to the Spider Nest.
 15303 | Lair:2   | coppery potion - ambrosia
 15330 | Lair:2   | fuming purple potion - brilliance
 15628 | Lair:2   | staff of conjuration in south
 15672 | Lair:3   | bubbling amethyst potion - mutation
 15721 | Lair:3   | Found a staircase to the Shoals.
 15904 | Lair:3   | Found an ornate altar of the Wu Jian Council.
 15917 | Lair:3   | Reached skill level 13 in Shields
 15984 | Lair:3   | Death yaks in south east.
 16068 | Lair:3   | Reached XP level 15. HP: 43/108 MP: 20/20
 16108 | Lair:3   | LUGYLA CEES - brand weapon
 16794 | Lair:4   | BAEFUNITEQ - vulnerability
 16991 | Lair:4   | Reached skill level 14 in Shields
 17037 | Lair:4   | Reached skill level 1 in Short Blades
 17561 | Lair:5   | Entered Level 5 of the Lair of Beasts
 17642 | Lair:5   | DIHISU GOMOESE - enchant armor
 18008 | Lair:5   | Reached skill level 5 in Short Blades
 18146 | Lair:5   | Hydras behind doors in northwest.
 18205 | Lair:5   | Book of Decay
 18239 | Lair:5   | GAWUUHONAU - torment
 18240 | Lair:5   | EHIERCH YZAMITY - fog
 18241 | Lair:5   | NESSAI MOOKLET - immolation
 18362 | Lair:5   | Found a runed translucent door.
 18363 | Lair:5   | Noticed Sonja
 18416 | Lair:5   | Found a staircase to the Slime Pits.
 18441 | Abyss:1  | Cast into level 1 of the Abyss (Sonja)
 18468 | Abyss:1  | Noticed a tentacled starspawn
 18475 | Abyss:1  | Killed a tentacled starspawn
 18476 | Abyss:1  | Reached skill level 15 in Shields
 18641 | Abyss:1  | Noticed a hellephant
 18913 | Abyss:1  | Noticed a tentacled starspawn
 18921 | Abyss:1  | Killed a tentacled starspawn
 18922 | Abyss:1  | Reached XP level 16. HP: 101/114 MP: 21/21
 19048 | Abyss:1  | Noticed a lich
 19060 | Abyss:1  | Killed a lich
 19074 | Abyss:1  | Found a corrupted altar of Lugonu.
 19079 | Abyss:1  | Found a corrupted altar of Lugonu.
 19099 | Lair:5   | Escaped the Abyss
 19101 | Lair:5   | Killed Sonja
 19178 | Lair:5   | Reached skill level 16 in Shields
 19284 | Lair:5   | Doggy lair end vault.
 19553 | Lair:5   | +3 ring mail of positive energy
 19882 | Lair:5   | Found a runed translucent door.
 19885 | Lair:5   | fire dragon guarding gold in northeast
 19962 | Lair:5   | Reached skill level 5 in Stealth
 20010 | Lair:5   | Creepy crawlies vault too.
 20038 | Lair:5   | Reached skill level 1 in Dodging
 20326 | Shoals:1 | Entered Level 1 of the Shoals
 20763 | Shoals:1 | +1 hat
 21116 | Shoals:1 | Reached skill level 1 in Air Magic
 21198 | Shoals:1 | Book of Alchemy
 21516 | Shoals:2 | Found Bublutau's Jewellery Shop.
 21556 | Shoals:2 | Book of Lightning in southwest.
 21622 | Shoals:2 | Noticed Ilsuiw
 21649 | Shoals:2 | Zot trap in south!
 21960 | Shoals:2 | Killed Ilsuiw
 21961 | Shoals:2 | Reached XP level 17. HP: 119/119 MP: 22/22
 22326 | Shoals:3 | Noticed Bai Suzhen
 22568 | Shoals:3 | Book of Spatial Translocations in north.
 22642 | Shoals:3 | Reached skill level 15 in Armour
 22779 | Shoals:3 | Noticed a kraken
 22782 | Shoals:3 | Kraken in southeast!
 22803 | Shoals:3 | Killed a kraken
 22928 | Shoals:3 | Book of the Senses in east
 23216 | Shoals:4 | Entered Level 4 of the Shoals
 23233 | Shoals:3 | Reached skill level 5 in Dodging
 23327 | Shoals:4 | Alligator snapping turtle
 23391 | Shoals:4 | Alarm trap.
 23507 | Shoals:4 | Book of Rime
 23508 | Shoals:4 | Found a runed translucent gate.
 23509 | Shoals:4 | Found a runed translucent gate.
 23510 | Shoals:4 | Found a runed translucent gate.
 23511 | Shoals:4 | Noticed Wiggles's ghost (adept MiBe)
 23511 | Shoals:4 | Noticed wingedge's ghost (adept HuWn)
 23767 | Shoals:4 | Identified the +9 mace "Xeotan" {flame, rElec rN+}
 23768 | Shoals:4 | It's found in the southwestern corner chamber. This area
                  | contains regular merfolk, sea snakes, and a manticore. Not
                  | too bad.
 23820 | Shoals:4 | Noticed Louise
 23827 | Shoals:4 | Identified the +6 mace "Soxzatib" {venom, rPois Int+7 Dex-4
                  | SInv}
 23991 | Shoals:4 | Identified the staff of air "Xeji Xiw" {rElec Str+3}
 24040 | Shoals:4 | two oklob plants in east
 24058 | Shoals:4 | No treasures here, sadly.
 24116 | Shoals:4 | Got a barnacled rune of Zot
 24117 | Shoals:4 | Rune in southeast vault. Contains strong merfolk,
                  | manticore, ice giant, etc...
 24422 | Shoals:4 | Killed Louise
 24424 | Shoals:4 | Scroll of silence did it. She has a +1 eveningstar of holy
                  | wrath.
 24607 | Shoals:4 | +0 leather armor of willpower in vault west of ghost vault
 24683 | Shoals:4 | Got the Quarto of Assembled Destruction
 24684 | Shoals:4 | Quarto of Assembled Destruction in western chamber
 24924 | Spider:1 | Entered Level 1 of the Spider Nest
 25042 | Spider:1 | Reached XP level 18. HP: 111/125 MP: 23/23
 25303 | Spider:1 | +2 robe of resistance
 25361 | Spider:1 | Found a transporter.
 25507 | Spider:1 | Acquired the ring "Caveb" {rC+ MP+9 Stlth+}
 25529 | Spider:1 | Found a transporter.
 25532 | Spider:1 | Noticed laqueoix's ghost (journeyman OpCj)
 25854 | Spider:1 | Killed laqueoix's ghost
 25887 | Spider:1 | Acquired 712 gold pieces
 26109 | Spider:2 | staff of cold in south
 26477 | Spider:2 | Reached skill level 17 in Shields
 27377 | Spider:3 | Fen Folio
 27741 | Spider:3 | Undead vault in northwest. Praise da shiny ONE!
 28105 | Spider:4 | Entered Level 4 of the Spider Nest
 28153 | Spider:4 | Reached skill level 18 in Shields
 28279 | Spider:4 | Noticed Mlioglotl
 28288 | Spider:4 | Killed Mlioglotl
 28455 | Spider:4 | Reached XP level 19. HP: 130/130 MP: 25/25
 28754 | Spider:4 | Noticed Kirke
 28767 | Spider:4 | Killed Kirke
 29187 | Spider:4 | Reached skill level 19 in Shields
 29624 | Spider:4 | scarves of shadows and resistance here
 29624 | Spider:4 | Moth of wrath behind ghost moths, emp scorpions, hornets,
                  | etc. Be aware!
 29631 | Spider:4 | Got a gossamer rune of Zot
 29633 | Spider:4 | That aside, Spider's Nest was pretty damn smooth for this
                  | character.
 30049 | Vaults:1 | Entered Level 1 of the Vaults
 30090 | Vaults:1 | Book of Touch
 30241 | Vaults:1 | Found a runed translucent gate.
 30242 | Vaults:1 | Found a runed translucent gate.
 30242 | Vaults:1 | Found a runed translucent gate.
 30841 | Vaults:1 | Found Rucvozio's Assorted Antiques.
 30862 | Vaults:1 | Bought a bronze ring for 170 gold pieces
 30865 | Vaults:1 | Bought a lightning rod (4/4) for 1020 gold pieces
 31433 | Vaults:1 | Reached skill level 20 in Shields
 31798 | Vaults:1 | Noticed Angmar's ghost (veteran DrAE)
 31799 | Vaults:1 | Found an opulent altar of Gozag.
 31801 | Vaults:1 | Found Lierch's Assorted Antiques.
 31805 | Vaults:1 | Found Xyuhog's Assorted Antiques.
 31849 | Vaults:1 | Paralysed by a sphinx for 3 turns
 31972 | Vaults:2 | Found Loysi's Assorted Antiques.
 31984 | Vaults:2 | Bought a scroll of magic mapping for 307 gold pieces
 31984 | Vaults:2 | Bought a potion of cancellation for 328 gold pieces
 31984 | Vaults:2 | Bought a potion of berserk rage for 205 gold pieces
 31984 | Vaults:2 | Bought a potion of curing for 123 gold pieces
 32107 | Vaults:2 | Noticed Mara
 32116 | Vaults:2 | Noticed Nonny's illusion
 32116 | Vaults:2 | Killed Mara
 32117 | Vaults:2 | Reached XP level 20. HP: 136/136 MP: 27/27
 32164 | Abyss:2  | Cast into level 2 of the Abyss (a wizard)
 32169 | Vaults:2 | Escaped the Abyss
 33109 | Vaults:2 | Reached skill level 21 in Shields
 33143 | Vaults:2 | Book of Dangerous Friends
 33155 | Vaults:2 | Identified the +10 broad axe "Metotucu" {freeze, Dex+4}
 33886 | Vaults:3 | Found Jidethrui's Antique Armour Shoppe.
 33893 | Vaults:3 | Bought an ancient plate armour for 588 gold pieces
 33893 | Vaults:3 | Identified the +1 plate armour "Mossaodgh" {rF+ rC- rCorr
                  | Dex+2} (You bought it in a shop on level 3 of the Vaults)
 33893 | Vaults:3 | Lame.
 34130 | Vaults:3 | Reached skill level 22 in Shields
 34361 | Vaults:3 | Found a staircase to the Crypt.
 34919 | Vaults:4 | Noticed Jory
 34937 | Vaults:4 | Killed Jory
 35778 | Vaults:4 | Reached XP level 21. HP: 141/141 MP: 28/28
 36131 | Vaults:4 | Unrestrained Analects in south
 36673 | Vaults:5 | Entered Level 5 of the Vaults
 36698 | Vaults:5 | Reached skill level 23 in Shields
 36740 | Vaults:5 | Noticed a dread lich
 36756 | Vaults:5 | Killed a dread lich
 36879 | Vaults:5 | Acquired the amulet "Ybiycih" {rF+ Regen+ Str+6 Int+2}
 37009 | Vaults:5 | Identified a +7 eudemon blade of holy wrath (a +5 demon
                  | blade of draining blessed by the Shining One)
 37009 | Vaults:5 | Received a gift from the Shining One
 37038 | Vaults:5 | Identified the amulet of Miffor {Regen+ Str+3}
 37284 | Vaults:5 | Reached skill level 24 in Shields
 37307 | Vaults:5 | HP: 3/141 [ettin/+0 dire flail (20)]
 37307 | Vaults:5 | Identified the +1 battleaxe "Joshrai" {freeze, rElec Will+
                  | Str+4}
 37307 | Vaults:5 | Slain by a sphinx

Illustrated notes ##...#..<..#...## ##...###...###...## ##...## ##### ##...## ##...## #...# ##...## ##...######.#.######...# #..#........#........#..# #.##.#..###.#.##...#.##[# #.#..###.#..#.##.###..#.# #........(..@...........# #####.†###########..##### ##..## ##..## ##).## ##..## ##..## ##..## ##..###..## ##..#..## ##...## #...# Turn 83 on D:1: Starting vault: arcade alien spaceship ...## ....## .#...## #. ## .# ###...## #.. ..##.# # ##...##.... #.##.# # ##...##...# #.##.# ######...##...# #!##.# .......#..#....##.##.# ##...#.##[#.....@.>#.# ##.###..#.#..........# ..........#........#.## ####..#####.......###.## ##..## ........## ##.# ##..## #.....##.###.## #..## ##....###.#.## ..## ...##[# ##.## .#############.## #.# Turn 214 on D:1: +2 dagger of freezing #.# #.# #.# #.# #.# #.# #.####.# #.# #......# #.# ##.####.# #.# ....###.## #.# ......>..# #.## ....###@.# #..# .. #..# ##.# #..# #.######## #..# ##.##...... ############......#### ###...#....##........# ##...........##.......# ##...#..<..#...##.##.#.### ##...###...###...####...... Turn 327 on D:1: Passwall should be very necessary here. ....... ....... ....... ......$ #######S...... #............. #.....S....... #.....†....... #...@......... #.......###### #.....### #.....# #.....# #.....# ####### Turn 735 on D:2: NOTIUMI ACEEGG - identify ....... ....... ....... ......$ #######....... #.....S....... #............. #....S†....... #...@......... #.......###### #.....### #.....# #.....# #.....# ####### Turn 736 on D:2: amethyst - curing ....... ....... ....... ......$ #######....... #............. #............. #...SS†....... #...@......... #.......###### #.....### #.....# #.....# #.....# ####### Turn 737 on D:2: metallic golden potion - berserk rage ........... ........... .. .............# ##.# .............#.#... .............#.#..# ..............>#..# ..)..........#.#..# #............#.#J.###.# #............#.#@.....# #...†........#.#.###### #............#.#..$...# #.....................# #........#####.######## ........... #.# ..########## #.# ..# #.# ..#### #.. Turn 1142 on D:2: Book of Iron ## ♣.. ##P .. ## #PP.P..P# .. #♣..♣~♣..# ... #..~~~~..#....)# #.~~~~♣~.#.....# #P~♣~~~P..##)..# ♣~~@♣~........# #.♣~)..........# #.♣♣♣P.P.......# #....P........## #....†)........# #...P..###.###.# #.....## #.# ####### #.# #.# Turn 1334 on D:3: +1 dagger of electrocution on a goblin ♣♣♣♣♣♣ ♣.♣(.♣♣ ♣♣....♣ ♣...(.♣ ♣♣..@[♣ ♣♣♣)..♣♣ ♣♣.†.♣♣♣ #### ♣♣.♣♣.♣ ###..# ♣.♣♣♣♣♣ ♣ #. ....## ♣♣.♣ $♣ ###.# ....# ♣.♣♣ ♣♣♣.♣ #.... .)..# ♣♣.♣ ♣..♣ #.... .)..# ♣.♣♣ ♣♣.♣ #.... Turn 1747 on D:3: +0 barding in northern forest area. +........#### ###### #...........###...<. #...........#......# +.............#.#### #.....####.##.#.# #.....+.#..#..#.# +.#####.#'#†....# ##..#.....#..#..# #..@+.....##+##.# #...#.....#...#.# #.#####.#'#...#+# ... +.#.......# #### #####...###### +...'.#... #####.#'#. #....(#. +.....## Turn 2309 on D:4: Book of Cantrips .............#.$$#≈≈≈≈≈≈# .............#.$$#≈≈≈≈≈≈## .............##'##≈≈≈≈≈≈≈# ..########......#≈≈≈≈≈≈≈≈## ..# #......#≈≈≈≈≈≈≈≈≈# ..########......#≈≈≈≈≈≈≈≈≈# .......))....##'##≈≈≈≈≈≈≈≈## ......)).....#...#≈≈≈≈≈≈≈≈≈# ......)......#..@#≈≈≈≈≈≈≈≈≈# ##############...#≈≈≈≈≈≈≈≈≈# ≈≈≈≈≈≈≈≈≈≈≈≈≈#####≈≈≈≈≈≈≈≈≈# ~≈≈≈≈≈≈≈≈≈≈≈≈≈≈≈≈≈~≈≈≈~≈≈≈≈# ~~~~~~~~~~~~~~~~~~~≈~~~~~~~# ~~~...~.~~~...~~~~~~.....~~# ...........................# ...........................# #..###############.#######.# Turn 3071 on D:5: staff of death

≈≈≈≈≈≈≈≈≈≈≈≈≈≈≈≈≈≈≈≈≈≈≈≈≈≈≈≈≈≈≈≈≈
≈≈≈≈≈≈≈≈≈≈≈≈≈≈≈≈≈≈≈≈≈≈≈≈≈≈≈≈≈≈≈≈≈
≈≈≈≈≈≈≈≈≈≈≈≈≈≈≈≈≈≈≈≈≈≈≈≈≈≈≈≈≈≈≈≈≈
#################################
#.....#.).....#....#.......#.....
......')).....#....#.....).'.....
......#########....#########.....
........)....#.....)#..........##
.......).....'..@...)..........#
.......).....#.....†#..........##
......#########.)))#########.....
......')).....#....#......)'.....
#....)#)).....#....#......)#.....
################''###############
≈≈≈≈≈≈≈≈≈ ≈≈≈~~....~~≈≈≈≈≈≈≈≈≈≈≈≈
≈≈≈≈~~≈≈≈ ≈≈≈~.....)≈≈≈≈≈≈≈~~~≈≈≈
≈~≈≈~~~~~ ~~~~~....))≈≈~~≈~~~~~~~


Turn 3121 on D:5: Goblin + Gnoll fortress #.≈≈≈ ≈≈≈≈.###.#.#. #.≈.. ..≈.##..#.#.
###.≈.#####.≈.##.#.... #...≈.....#.≈.##.#..#. #.#.≈.#._.#.≈..#.#..#.
#...≈.#.....≈..#.#..#. #.#...≈.#####.≈..#.#..## ......≈)......≈....#..##
####..≈@≈≈≈≈≈≈≈..#.#..## #............#### #............. ############### Turn
3265 on D:5: +3 rC+ chain mail from a gnoll # #. .### ..### # #...#.... #@....#
........##..... ######### ##. Turn 3945 on D:6: PYIBBI MAUPU - noise # #. .###
..### # #...#.... #@....# ........##..... ######### ##. Turn 3946 on D:6: XISUHU
KERE - amnesia # #§ §### §§### # #§§§#§§§§ #@§§§§# §§§§§§§§##§§§§§ ######### ##§
Turn 3947 on D:6: KOLONU BEAFU - poison ,,,,,,,,,,****,,****,,,**,*
,,,,,,,,,***,,,,* ***,**,******* ,,,,,,,,****,*,** *,**,,,,,,,* ,,,,,,,**,**,#,*
*,,,,,,,,,,* **++****,,,,,#§* *****,,,,,,* *,,,**,****,,§### *,,,,,,,,*
*,,,,,,,***,,,§§###***#,*,****** *****,*,,,,,**#§§§#§§§§,*,*
**,,********#@§§§§#****,* ****,,*,,§§§§§§§§##§§§§§,*,*****
,**,,,>,*#########***##§,,,,,,,* ,,,,***** *,,,,,,,,* ,**** *,,,,,,,,* **
********** Turn 3948 on D:6: PICILA ETIS - magic mapping
,,,,,,,,,,****,,****,,,**,* ,,,,,,,,,***,,,,* ***,**,******* ,,,,,,,,****,*,**
*,**,,,,,,,* ,,,,,,,**,**,#,* *,,,,,,,,,,* **++****,,,,,#§* *****,,,,,,*
*,,,**,****,,§### *,,,,,,,,* *,,,,,,,***,,,bb###***#,*,******
*****,*,,,,,**#bbb#bb§§,*,* **,,********#@bbbb#****,*
****,,*,,§§b§bbbb##bbb§§,*,***** ,**,,,>,*#########***##§,,,,,,,* ,,,,*****
*,,,,,,,,* ,**** *,,,,,,,,* ** ********** Turn 3949 on D:6: BOIQET XIOKELI -
scroll of butterflies ,,,,,,,,,,****,,****,,,**,* ,,,,,,,,,***,,,,*
***,**,******* ,,,,,,,,****,*,** *,**,,,,,,,* ,,,,,,,**,**,#,* *,,,,,,,,,,*
**++****,,,,,#§* *****,,,,,,* *,,,**,****,,§### *,,,,,,,,*
*,,,,,,,***,,,§§###***#,*,****** *****,*,,,,,**#§§§#§§§§,*,*
**,,********#@§§§§#****,* ****,,*,,§§§§§§§§##§§§§§,*,*****
,**,,,>,*#########***##§,,,,,,,* ,,,,***** *,,,,,,,,* ,**** *,,,,,,,,* **
********** Turn 3950 on D:6: DAINOQE OQIE - blinking ,,,,,,,,,,****,,****,,,**,*
,,,,,,,,,***,,,,* ***,**,******* ,,,,,,,,****,*,** *,**,,,,,,,* ,,,,,,,**,**,#,*
*,,,,,,,,,,* **++****,,,,,#§* *****,,,,,,* *,,,**,****,,§### *,,,,,,,,*
*,,,,,,,***,,,§§###***#,*,****** *****,*,,,,,**#§§§#§§§§,*,*
**,,********#@§§§§#****,* ****,,*,,§§§§§☼§§##§§§§§,*,*****
,**,,,>,*#########***##§,,,,,,,* ,,,,***** *,,,,,,,,* ,**** *,,,,,,,,* **
********** Turn 3951 on D:6: GORUACH VYAFF - enchant weapon **********
,,,*,,,,,** ,,,,,,,,,,** ,,,,,,,,,,,* ,,,,,,,,,,,* ########### ,,,,,,,,,,,***
#.........# ,,,,,,,,,,,,,**#.........# ,,,,,,,,,,,*..##@........#
,,,,,,,,,,**#............# ##### ,,,,,,,,,** ###.........<# #...# ***,******
##.........# #...# *,* #.........###..## *,* #.........##..## ***,*
#>........##..## *,,,* #..............# ******** ####.######'''## Turn 4094 on
D:6: bubbling purple potion - lignification ,*,**,****######* ,,,,*,,,,.#.....##
,*,,,,,,,...)..$.## ,*,,,,,,,.........# ,,,,,,,,,.........# ###########
**,,,,,,,........S### #.........# ,,,,,,,,,(..........###.........#
,,,,,,,,,.........#..##.........# ,*,*,,,,,.......@###............#
,*,**,,,,.......## ###.........<# ,,,**,***#.#####* ##.........# **,,,,* *,*
#.........# ,,,**** *,* #.........# **** ***,* #>........# ***** *,,,*
#.......... *,,,*********** ####.###### *,*>**,,,,,,,,** ##..<..#_ Turn 4101 on
D:6: +0 rapier of electrocution in north ******####.(....).....##
**,,,,,..............#..# **,,,,,,#.##....#.#.#.##.#
*,,,,,,,#....##.#.#.#.##.####### *>,,,,,,..#............#.....#..
*,,,,,,,,.#.##.#.##.#..........) *,,,,,,,,....g.#....#.........†.
*,,,,,,,**,#.#...#.............. **,,,,,,,,,#.#.@.#.##...........
**,,,,,,#..................(... *****,,#..=.#.#.#.....(.......
*,...##.#.#.#.#.#......... *,#.,,.,.....,#.##........ *,#,*.#,##.#..,,*#.####.##
*,,,#.*,,,.*.##,,,,* #.* *,,,.,,,,,..,,,,**** *,* **,,**,********** ***,* Turn
4142 on D:6: Temple in northwest ####### ######### ####### ......###
###.......### ###...... _..._...###..._..._...###..._..._
.........#.............#......... ........###...........###........
.._.............@............._.. ........###...........###........
.........#.............#......... _..._...###..._..._...###..._..._ ......###
###.......### ###...... ####### ######### ####### Turn 4218 on Temple:
Temple:three oval-like chambers ##................. ##......#.##....#.#.
#.......#....##.#.#. #>........#.)....... #.........#.##.#.##.
#..............#.... #.......##.#.#...#.. ##.........#.#.>.#.#
##@.....#.....).... #####..#..=.#.#.#. #....##.#.#.#. #.#..........,
*.#.#.#.##.#.. *,,,#.#..,.#.# *,,,.,...,..,, **,.#*.##*##** *.#**.** * Turn 4284
on D:6: +0 boots of rampaging ## ##### #...# #.... .# #...########### ####. .##
###.#>##........## ##. ..# #...###..........###### #.. #.#
#.####............##..# #.# #.###.###..............##.## #.#
#.#...##................##.####.# #...###..................#.......
..#.###.........@........##...... ###.#.#.......⌠..⌠.......##...... #
#.#.#.........(........#......# # #.#.#........).........#..##### #
#...#.......⌠..⌠.......##...##. ####..#..................####..#.
.##..##..................####.... .##...##................###.....#
.##....##..............####..#### Turn 4558 on D:6: inky potion - degeneration
.# .# # ##.### #. #.... .. .... #.##..# #.)...# #@.# #..# ##.####..#####
.......>.....# .######..###.# # #..###.# .# #.....)###..# #..<..).)...#
######.####.# Turn 4695 on D:7: yellow potion - heal wounds ...... ........
.#####...# #....... >........######..# #.# # .................# #.# .###.
.###............####.#...... .##....)....###............. .##.##.).####
#..########.#. .......<.### #..# [##...)....# #.@# )######.##.# ##.# )# #.##.#
#.# z# #.##.# #.# 5# #.##.# #.# )# #.##.# ##.##### 5# #.##.####....... .#
#............. .#######)###.##..# Turn 4945 on D:7: silvery potion - magic
.####. ### ..#.. #..##.... ....#.. #.....## #......## #.......# #.@....##
##......## # #.......# # ##.#.....# #### #..####### ####.## ###.## ###.....#
#....## #........ #.....##..## ##........ #..### ##..# ##......... Turn 5688 on
D:8: Quarto of the Nauseating Chill ...# ###.### ###.. ...# ##...).##### ###
...# ##.....)....## ...# ##.......)....# ...# ##...............# [..#
#................. ...# ##................# ...# ##.................# ####
#....@............## #.................# #.................## ##..............
#............. ##............ ##........... #.......... Turn 5964 on D:8: OMI OV
XAGODIR - fear ...# ###.### ###.. ...# ##...).##### ### ...# ##.....)....## ...#
##.......)....# ...# ##...............# [..# #................. ...#
##................# ...# ##.................# #### #....@............##
#.................# #.................## ##.............. #.............
##............ ##........... #.......... Turn 5965 on D:8: ENEMOM AMNAEP -
teleport ......(.#~~~~~#..........# 8..8..).'.....'..........#
......#########......8...# .....##~~~#~~~####......## .)...#~}.....~#~~#.....##
#....#~!........~#....## #(...##8.8...8.8~##...# ()....#.........~~'...#
'.....#....∩....@)'...# '.....#.........~g'...# #)...##8.8...8.8~##...#
#....#~?........~#....## .....#~|.....~#~~#.....## .....##~~~#~~~####).....##
......#########......8...# 8..8....'.....')(........# ........#~~~~~#).........#
Turn 6625 on Bailey: Orc warlord did 32 out of 64 damage. Not ideal, even with
haste, might, and him standing in water. I should have used the TSO shield, but
it's all good now. ######### ##........ ## #....##.#. #.########.#..#.##.
######.#.........##....# >......#..........#.##.. #..@........##..##.#
#.#.........###....# # #.........#..##.#. #............#.##. #........####....#
####........#.##.. #########..##.# ###....# ####..##.#. Turn 7035 on D:9: Book
of Air somewhere around here. #....~~.....### #.....~.....# #...........#
#...........# #...........# #.########### #.# #####.# #>@...# ####### Turn 7307
on D:9: Lair entrance in southwest corner. No vault. .#..##### .........#
..H...# ###...##..# Z.Z...# #.#.#)# ZoZZ.. #.#...### .8.ZZ ...###.. ####ZZ.#
.#.#.#.#. #.....# #.#.##..... ##...Z# .#.#..###...##..@.# #.#.#...#....'....####
.#.#..###.####....'..# #.#.##†...####....##... .#.#.#.#..##......# ##
...###....#..###### #.#...###...## #.#.#.###..## ###...##...# Turn 7681 on D:11:
Orcish Mine zombies entrance. ... .. ###'# '# #...# .# ##'####### ##. #........#
#.. #........# #.# ####........# #######.###..'........# ...........>##..@.....#
#######.######........# #..# #........# #.## #........# #.# #........# #.#
####'##### ####'### #...### ###......# ###...# #.'......# #########'### Turn
8122 on D:11: staff of air in east ### #.. #.# #.############
##.#..........########## ...'............@.....>. ...#..........###....#.#
####..........# .##.# #..........# .# # #..........# .# #..........# .#
############ .. ## Turn 8905 on D:12: fuming inky potion - cancellation #.# ...
#.# .. #.########## .W #........... ####. #.....#####. .... #.###.#####.
#####.#####.#......... #...........#...#####. ##@................
#.......########## #.#...........<.# #.#.###########.# #.#.# #.# #.#.########
#.# #.#........# #.# #.#..#####.####.# #.#..#..........# Turn 9676 on D:13:
brown potion - resistance .....#................##.# #...##
#...##......##........##.# #.#... .[...#......##........##.# #.####
..........#(##...........# #.# # ......#..##.##...#....#### #.# #
.....###.##.........### #.# # .###.# #######...##.# #.# # ## ### #...##.# #.# #
#..@##[# #.# # #...##.# #.# # #...##.# #.#### #...##.# #.....
#...##.############# #.>.##..........#### #...###########..... ##### ###### Turn
10504 on D:13: A vault takes up a significant part of this floor. ************
***** ,,,,,,,,,,,* *,,,* ,,,,,,,,,,,* *,,,* *****,,,,,,********** *,,,* *
*,,,,,,,,,,,,,,,* *,,,**** * *,****+*,,,,,,,,******,,,,,,, *
*,*,,,,*,,,,,,,,,,,,,,,,,<,,, * *,*,,,,*,####+#,,,,,********* *
*,*,,,,*,#..@.#,,,,,* * * *,*,,,,*,#....#,,,,,* * * *,*,,,,*,#....#,,,,,* *
*****,*,,,,*,#....#,,,,,* * ,,,,,,*,,,,*,#....#,,,,,*********
,,,,,,*,,,,*,#.<..#,,,,,,,,,,,,,, ,,,,,,******,#....#,,***********,
,,,,,,,,,,,,,#....#,,*,,,,,,,,,*, ,,,,,,,,,,,,,######,,*,,,,,,,,,*, Turn 10518
on D:14: murky purple potion - flight ##.....#..#§§§§§8§§§§§#
,#.....####§§§§###§§§§# ,#........#§§§§#_#§§§§# ,#........#§§§§#.#§§§§#
*#........#§§§§#.#§§§§# ..........#§§§§#.#§§§§# ..........######.######
######....####....#...# ,,,,,#.......>..@.....# ,,,,,#...........∩....#
,,,**#................# ,,,#.....########.....# ,,,#...(.* *.....# ,,,#.....*
*.....# *+*#.....* *.....# +,,.....,* *##...# *,,,,,,,,* *...# Turn 10678 on
D:14: It's in the east. .#####..####.8..... ##...##.#©.....###.#
#.....#.####.8...... ..[©....#..#...#.#.. #########..#.8.# # ###
..........≈#...# .#8.8[ ..........∩#.8.###.'.. ..........≈#...#...#
#########..#.8.#@# ### .$.©[[..#..#...#.#..... .##.########.8........8#
.##.##.##©.....###.##.## ........####.8... ... ##.#..###..#..§## ###
##.##©###..#≈8≈# ........#..##### #.##.#..#..# Turn 11212 on Gauntlet: Minotaur
has +0 gold dragon scales. B) ..#≈8§# ..#...##### ###.8...... ©.....###.##
###.8...... ..#...#.#.. ..#.8.#.#.######### .≈#...#...#8.8[8÷8#
.∩#.8.###.'.....@∩# .≈#...#...#8.8÷8/8# ..#.8.#)#.######### ..#...#.#.....#
###.8........8# ©.....###.##.## ###.8........# ..#..§######## ..#≈8≈# Turn 11233
on Gauntlet: Felid, minotaur, dwarf skeletons... Dude's decorated for Halloween.
..#...##### ###.8...... ©.....###.## ###.8...... ..#...#.#.. ..#.8.#.#.#########
.≈#...#...#8.8[8÷8# .∩#.8.###.'......∩# .≈#...#...#8.8÷8@8# ..#.8.#)#.#########
..#...#.#.....# ###.8........8# ©.....###.##.## ###.8........# ..#..§########
..#≈8≈# ..##### Turn 11235 on Gauntlet: +2 rC+ robe *,****#........#
#.#...#........# #.#...#........# ##.#9..#........# #..#...#........####
#..#...#............ #..#...#....######## #..#...#....#......#
#..@...#....#......# #..#####....#......# #...........'......#
#...........##'##### #................... #.#+#####.######'###
#.#.....'.#........# #.#.....#.#........# #.#.....#.#........# Turn 11899 on
D:14: Book of Dreams in west #.. #.. #.. ############.. ..............
########............ #.#≈~≈≈#............ #.#~≈~≈#............
#.'@~≈~'............ #.#~≈~≈#............ ###≈~≈≈#......###... ######......#
#... #.......# #... ####....# #### #....# #....# ###### Turn 12547 on D:15: Wolf
spider behind door in little water chamber vault. #####........##...##.#
....#........#..#..#.##### ...##........#..#..#.....# ...#.........#..#..#.....#
...#.........#..#..#.....+ ...#.........#..#..#.(...# ...#...#####.##...##.....#
...'...# #..##.###.....# ...##..# #...#@##......# ....#..# #...#..........#
....#..# #...#..8.......# ###.#..#####...##.........#
..#.#...........##).......# ..#.#............##..###### ..#+#....<........##.+
.....................# .....................###+### Turn 12948 on D:15: Two ice
dragons guard Depths entrance in center of floor. #......# #..## ###....# #..#
#....###################..# ####......................# #..########............#
#..#.#≈~≈≈#............# #..#.#~≈~≈#............# #..#.'≈~≈~'............#
#####..#.#~≈@≈#............## #......###≈~≈≈#......###.....
#........######......# #..... ########## #.......# #..... ####....# ######
#....# #....# ###### Turn 13336 on D:15: Rupert has a +3 chain mail of positive
energy rN+ ##'##.....#..#§§§§§8§§§§§# ....#.....####§§§§###§§§§#
....#........#§§§§#_#§§§§# ....#........#§§§§#.#§§§§# #####........#§§§§#.#§§§§#
.............#§§§§#.#§§§§# .............######B###### #########....####....#...#
........#.......@........# ........#...........∩....# ......###................#
......#.....########.....# ......#...(.# #.....# ......#.....# #.....#
...#+##.....# #.....# ...'........# ###...# ####........# #...# Turn 13682 on
D:14: entropy weaver ##...##....'...# #P..###...##...# ... ##..# #..###...# ....
##..# ##.# P...#..... #...## #.###...#.... #P...###'..#....#.##.
#PP.................. #...............$.... ##...........@.......
#................... #................... ##................##+
#..P##+#####.....#... ##.## ##........ #.# #+######........ #.###....##.....#..
##.'.............# Turn 13988 on Lair:1: Inescapable Atlas in northwest
...#....##............##......... ...#..................##....##...
........##.......#....##....##... ...#...>##......#......+....##...
...#....##............##....#.... ...#....#P..>...##....##.........
........####.#####....#.##..##... .###....##########....####.###...
................@................ #####.#########P#.########P###### ### #####
### # Turn 14602 on Lair:1: smoky purple potion - attraction
..≈§§§§≈§≈≈≈≈≈≈.......... .§≈≈≈≈≈§§≈≈§§§§.......... §≈≈≈≈§§§≈§§§≈§§§.....##.#
≈≈≈≈≈≈.§§§≈≈≈≈≈§§....# .. ≈≈§≈...##...§≈≈≈≈..#... ≈§≈≈..####†.≈≈≈≈≈....#.
§≈≈..#.).†#..≈≈≈≈..§. ≈≈≈.##$)))##.≈≈≈≈≈. §§§. #$.@!# .≈§≈§§≈ §§§ #.??.# .§§§§..
≈§ ≈..####..≈≈≈§§§. ≈≈§.. .§§≈≈§§.. ≈≈≈§§≈ ≈§§≈≈§... ≈≈§§§ ≈≈§≈≈≈... .§≈≈§ ≈§§§.
.§≈≈ §§. Turn 14780 on Lair:2: These things and a manual of short blades are in
the southwest. .#### ###.## ..#.##.P...# #... .....>....### #...# #.$
###.........### #...##P.. .. .####.##.......##...#P.......# ##
##......................... .#####............P..P.!......###
..................#.####.......#. .....#..#.......@....#.#........#
....##.##P#..P.......#..#......#. .#..#...# #........P......#...#..
.#.#.#..#####..#................. ..†.......##...#.......P........^
..#†#.............##........#.... .†.....P...##.....####......##...
#...#.....P##.#..## #.....P.##### .#....#......##.#########..###### Turn 15303
on Lair:2: coppery potion - ambrosia ######### ##..#.#..# ## ##.......#### P#
#@........#.# .# #...#......## P# ##.#........# .# ## #.........## .#### ###.##
##.......#.# ..#.##.P...# ##...#P...### .....>....### #...###.....#
###.........### #...##P.....## .####.##.......##...#P.......# Turn 15330 on
Lair:2: fuming purple potion - brilliance #.#.).#.....#.......P..########.#
#.>..#.............#....# ####### #...#......##..........## #....#
.#....................## #...## ....#.#.....#.###<...## #...#
...##......###.#.#.P..### #.#.# .....#.....#####...P....###.#.###
#.##.[.......<........#..##...#.. #####.P#..##.##.@#.......##^.....
.#.##......###.#.#...##P.#....#.. ............................†..#.
.#####........................... #.# ##......####.P.#####......#. ###
#...#...## ##### ##..##### ##.###...# #### ### ##### Turn 15628 on Lair:2: staff
of conjuration in south #.....# #..... ##..... P....## ###..... .
####.#....####.# ..........#.#..# ........@....... ................
................ ................ .........##...+# ####.#..## ....# .##.#...#
...# ..........## .#.. .......#...# .. Turn 15672 on Lair:3: bubbling amethyst
potion - mutation #..###...P# ..# PP.P.#...## #. ....### P........#####. .......
.........P.#P.#####....?.. .......................... ..........................
.......................... ....................YY.... ................@...YY....
...........##.#..P.YY....# #.#.P#...###########...B## #.........# ##≈≈##......
.....#...## ###≈≈#≈# ...## ....##...'###~≈~#### ...# ....##.....~≈≈≈≈..# ..#
..####.....≈~≈≈)..# ... ..# ##.....~≈~≈≈_.# Turn 15984 on Lair:3: Death yaks in
south east. ..#####.##......P# ..# #P..##.....## ..# #P.#.#......# ...#
....###....+. ..## ....###....# ..P# ..##...... ## ..## #. #....####.#..
..#####. #.......^.... ..P.#P.#####....@....... ........................
........................ ........................ ........................
........................ ....##.#..........#P.PP. ..###########....###..## ...#
##≈≈##.......... Turn 16108 on Lair:3: LUGYLA CEES - brand weapon ... #.. ....
##..# h... #...P# .... #..P#PPPhP #...#P.P.P #....P.P.P .# ##...@..PhP P.P .
#P....PhP.P PP.P.. ##....P.h.P ...P... #....P.PPPPP.P.P..# #....P.P...P.P.P..#
##....P.P.P.PPP.P..### #.....P...P.P...P..P.# ##....PPPPP.PPP.P.....
#.....P.........P..... Turn 16794 on Lair:4: BAEFUNITEQ - vulnerability #...
#..# ##..# #.## ...####.#.. ###..#...... #....#.#..## #.......... #..........
#@....##.. #......# ##.P...# #....## #$.#.# ## #.<.#.##.##.# #...#.†<...#
#...####....... #..# ....... Turn 17642 on Lair:5: DIHISU GOMOESE - enchant
armor ### #####.#.#.# ##.####.##.#...#### .# #...............#.#P.##.
##....................... #...#######.##÷#..####### #...#P...P#.÷#.##.#P...P#
#...#.#'#.#.#..##.#.###.# ##..#.#.#†#..#.#..'.#.'.# ###..#.###†#.#..@#.#†###.# #
#....#P...P#.##..#.#P...P# ..# ##...###'###.#.#.#.#######....#
#...........#####......†...... ##...##.###...##.##..#.##....#
#.........#.(#....#.#..# ... #...###.##.#.#####..#### ? #.........#.#..#...##
#..#.####..#.##.##.# Turn 18146 on Lair:5: Hydras behind doors in northwest.
##......†......# #.##..#.##....## . ....#.#..#...†.### .. ####..####..#.?..##
##.# .#...## #.........#...#.. #.##.# #.#........#...... .#.........#.....†..#
##.###+###..#.......##.. ...# #..##P.@....... #..# #.. ##...P#..... ##.# #.
..F..##..... #.÷# ..#.#..# .... .#.# #.. ...... ... ##.#######. ..[..### ..#
.......... #.##..# .††#....#. .# #... ..##.#### Turn 18205 on Lair:5: Book of
Decay ###.##.#.#####..####..#....## ##. ......#.#..#...##.#.........#...#
.####..#.##.##.###.#........#.... ####....#..#.........#.....†..#
#........###.###'###..#.......##. #..##.####...#P...P#..##P.:...... .#.#.##.#
#..#.###.#..###...P#... ###.#...####.#.#.#†#.##..†..##...
.†.....#.##.÷#.#@#.#...#.#..# .. .#..###....#.#P...P#........... .
.......##.##.#######....[..####.. .....................#.##..#
.##.....P..††#....#. .# #... ..######....##.#### ## .. ..# #..P## # ## .##
###...# .#.###.#...# Turn 18239 on Lair:5: GAWUUHONAU - torment
###.##.#.#####..####..#....## ##. ......#.#..#...##.#.........#...#
.####..#.##.##.###.#........#.... ####....#..#.........#.....†..#
#........###.###'###..#.......##. #..##.####...#P...P#..##P.:...... .#.#.##.#
#..#.###.#..###...P#... ###.#...####.#.#§#†#.##..†..##...
.†.....#.##.÷#.#@#§#...#.#..# .. .#..###....#.#P§§§P#........... .
.......##.##.#######....[..####.. .....................#.##..#
.##.....P..††#....#. .# #... ..######....##.#### ## .. ..# #..P## # ## .##
###...# .#.###.#...# Turn 18240 on Lair:5: EHIERCH YZAMITY - fog
###.##.#.#####..####..#....## ##. ......#.#..#...##.#.........#...#
.####..#.##.##.###.#........#.... ####....#..#.........#.....†..#
#........###.###'###..#.......##. #..##.####...#P...P#..##P.:...... .#.#.##.#
#..#.###.#..###...P#... ###.#...####.#.#§#†#.##..†..##...
.†.....#.##.÷#.#@#§#...#.#..# .. .#..###....#.#P§§§P#........... .
.......##.##.#######....[..####.. .....................#.##..#
.##.....P..††#....#. .# #... ..######....##.#### ## .. ..# #..P## # ## .##
###...# .#.###.#...# Turn 18241 on Lair:5: NESSAI MOOKLET - immolation
#.#.##.....#..P#........# ##.. ####.........P........# #.#.
########..........#####... ##.........†...... ##...P.........#. ##..............
####..........#.#. ##...#.......[..#.. #.#.#h@...#........#...
......h.....#......####. ......#...####....## .. .#...#.#### #..#.# ######
##...# ...# .... Turn 19284 on Lair:5: Doggy lair end vault. ###...(.#.# ##
#.#.#.#### ##.#.## ####...#### #.#....†..## ##.........# #......##...h# ##....##
#..## #..@## #.# #..[# ## ##### Turn 19553 on Lair:5: +3 ring mail of positive
energy ## ### .###### ##.P. .##...# ###.... ..†...### #....# ####....# ###...
..P#...## #⌠..## ##.#..P.# #@..## .'.#....# #+#...### ##.#....# $D###....#
..P#....# #$[$ ##..## ####....###$$$ ##..## ..†......##$$$ ###...# #.##....####$
##.##..# #..#...†.#### ##.....## ####..#....#####.#...## Turn 19885 on Lair:5:
fire dragon guarding gold in northeast ##### ###.P.#### ###........##
#....#.#....### ###...#####..@..# #⌠..##.# #.##.....# ##†..### ## ###.....#
###'#...### #w.... ##.[###....# #.... #.[..###..## #... .....# ##..## ..#
....#####...# #. #..####.##..# Turn 20010 on Lair:5: Creepy crawlies vault too.
≈≈≈≈≈≈≈≈≈≈≈~~~~~~~~~~~~~~m~.# ~≈≈≈≈~~~≈≈≈≈≈~~~~~~~~~~~~~~m#
.~≈~PP~~P~~≈≈≈~~~~~~~k~[~t.# .~P~~~~~~~~≈≈≈~~~~~~~mEmmE##
#.~~~~~P~~~≈≈≈~~~~~~~~~..m# #.~~~~~~P~~≈≈≈~~~..~~m~...#
..~~~...~~~~~~~..#~~m~~m~[# .~~~....~~~~~~~..####~~m~.#
~~~~~...~P~~~~..@.###.~.~.##. ..~~~~~~~~~~~~~.......~~~~...~
..~~~~~~~~~~~~~~~....~~~~~tH~~~ .~~~P~~~~~~~.~~~~~..~~~~~~~~~~~
~~~~~~P~~~~~~..~~~..~~~~~~~~~~≈ ~~~≈≈P~~~≈≈≈~~~~~l#.~~~~~~~~~≈≈
~~≈≈≈≈~P~≈≈~~.~≈~.##.~~~~~~~≈≈≈ ~≈≈≈≈≈P~~≈~~.###.....~~~~~~~≈≈
≈≈≈≈≈≈P~P~~~P.##.....~~~~≈≈≈≈ Turn 20763 on Shoals:1: +1 hat
.........##....~~~~~≈≈≈≈≈≈≈~~~~~. .##..~..####...~~~~~≈≈≈≈≈~~~~.~~?
####....####..~~~~~≈≈≈~~ ... ##......~~~~~~~~≈~~~~ ##.........~~~~~~~~~~ #
#......~~~.~~~~~~~~.. .. #..~~~~~~~..~~~~~~.. .. .. #..~~~~~~~...~~~~~.# ..##
#####~~~~~~.~~~.@..~.~.) .... #...~~~~~...~~......>~./ ....
....~~~~~.~~~~..###....# .... ...~.~~~~~~~~~..# ...# .~~~ ...~~~~~~)~~....~. ~..
~~~~ ~....~~~~~~~~...... .. .~~. .....~~~~~~~~~~~... . .~~. ...##~~~~~~~~~~~...
..~. ..##.~.~~~~~~~~... #... Turn 21198 on Shoals:1: Book of Alchemy .~~~ ≈≈~
....... #.~~~ ≈≈~~ ~~!...##. ...~~~ ≈≈≈~ ~~~~~~.##....~~~~ ≈≈~~~ .~~~~~....#
#.~~~ ≈≈~~.# .~~~~~~~~.###.~~~ ≈≈~~..##.~~~~~~~.....~~~ ≈≈~~.!...~~~~~.~~...~~~~
≈≈~~~~.@~~~~~~~~~~~~~.~~ ≈≈≈~~~~~~~≈≈~~~~~)~~~~~~ ≈≈≈~~~~~~≈≈≈≈~~~~~~~~~~~
≈≈≈≈≈≈≈≈≈≈≈≈≈~~~~~~~~~~~ ≈≈≈≈≈≈≈≈≈≈≈≈≈≈≈~~~~~~≈≈≈ ≈≈≈≈≈≈≈≈≈≈≈≈≈≈≈≈≈≈≈≈≈≈≈≈
≈≈≈≈≈≈≈≈≈≈≈≈≈≈≈≈≈≈≈≈≈≈≈≈ ≈≈≈≈≈≈≈≈≈≈≈≈≈≈≈≈≈≈≈≈≈≈≈≈ ≈≈≈≈≈≈≈≈≈≈≈≈≈≈≈≈≈≈≈≈≈≈≈≈ Turn
21556 on Shoals:2: Book of Lightning in southwest. ~~...~~.#.....####
≈≈~~~~~~.....##......##. ~~≈~~~~~.....÷...~...... ~~≈~~~~........~.~~~~~~~
~~~~~~.###.....~.~~~~~.. ~~~~~..####....~~~~~.... .~~~~~.........~~..~~~..
.~~~~.............^~~~.. ~~~~~..@..~P.......~~### ~~~~~###..P~~P~.#.~~># #
.~~~~~......~~PP.#.~~.### .~~~~~.....~~~~P~..~P..... ..
#.~~~~~~P..^~P~~PP~P~~~.... .##. ...~~~~~~~~..~~~PPP~P~P~~~~~
.##....~~~~~~~~~..P~P~P~P~~~~P~~~ ....# #.~~~~~~~~..P~~~≈~~P~~~~~~≈
~~~.###.~~~~~~~~~~~~P~≈≈≈≈≈≈≈≈≈≈≈ Turn 21649 on Shoals:2: Zot trap in south!
≈≈≈≈≈≈≈≈≈≈≈≈≈≈≈ ≈≈≈≈≈≈≈≈≈≈≈≈≈≈≈≈≈≈≈≈≈≈≈≈ ≈≈≈≈≈≈≈≈≈≈≈≈≈≈≈≈≈≈≈≈≈≈≈≈
≈≈≈≈≈≈≈≈≈≈≈≈≈≈≈≈≈≈≈≈≈≈≈≈ ≈≈≈~~~~≈≈≈≈≈≈≈≈≈≈≈≈≈≈≈≈≈ ≈≈~~~~~~≈≈≈≈≈≈≈≈≈≈≈≈≈≈≈≈
≈≈~~..~~~~≈≈≈≈≈≈≈≈≈≈≈≈≈≈ ≈~~~..~~~~~≈≈≈≈≈≈≈≈≈≈≈≈≈ P~~~..~@.~~~≈≈≈≈≈≈≈≈≈≈≈≈
~~~...~~.~~~~~≈≈≈≈≈≈≈≈≈≈ ~~.....~~~~~~~~~≈≈≈≈≈≈≈≈ ~...##..~~~~~~~~~≈≈≈≈≈≈≈ .~~
##.~~~~..~~~≈≈≈≈≈≈≈ ~~ #........~~~≈≈≈≈≈≈ . ....~..###..~P≈≈≈≈≈≈ .P.PPPP.#
##.~~≈≈≈≈≈ .~~PPPP## .~~≈≈≈≈ Turn 22568 on Shoals:3: Book of Spatial
Translocations in north. ≈≈≈≈≈≈≈≈≈≈≈≈≈≈≈≈≈≈...~≈≈≈≈≈≈≈
≈≈≈≈≈≈≈≈≈≈≈≈≈≈≈≈~.....~≈≈≈≈≈≈ ≈≈≈≈≈≈≈≈≈≈≈≈≈≈≈~†.###.~~≈≈≈≈≈ ≈≈≈≈≈≈≈≈≈≈≈≈≈~...##
#..~≈≈≈≈≈ ≈≈≈≈≈≈≈≈≈≈≈≈~.#...###.~~≈≈≈≈≈ ≈≈≈≈≈≈≈≈≈≈≈≈..#.......~~≈≈≈≈≈
≈≈≈≈≈≈≈≈≈≈≈~..>......~~~≈≈≈≈≈ ≈≈≈≈≈≈≈≈≈≈≈~....~~~~~~~≈≈≈≈≈≈
≈≈≈≈≈≈≈≈≈≈≈~~~~~@~~~~~≈≈≈≈≈≈≈ ≈≈≈≈≈≈≈≈≈≈≈≈~~~~~~≈≈≈X≈≈≈≈≈≈≈
≈≈≈≈≈≈≈≈≈≈≈≈≈≈≈≈≈≈≈≈≈≈≈≈≈≈≈≈≈ ≈≈≈≈≈≈≈≈≈≈≈≈≈≈≈≈≈≈≈≈≈≈≈≈≈≈≈≈≈
≈≈≈≈≈≈≈≈≈≈≈≈≈≈≈≈≈≈≈≈≈≈≈≈≈≈≈≈ ≈≈≈≈≈≈≈≈≈≈≈≈≈≈≈≈≈≈≈≈≈≈≈≈≈≈≈
≈≈≈≈≈≈≈≈≈≈≈≈≈≈≈≈≈≈≈≈≈≈≈≈≈ ≈≈≈≈≈≈≈≈≈≈≈≈≈≈≈≈≈≈≈≈≈≈≈≈ ≈≈≈≈≈≈≈≈≈ Turn 22782 on
Shoals:3: Kraken in southeast! ~..~~~≈≈≈≈≈≈≈≈≈≈≈≈≈≈≈≈≈≈≈≈≈≈≈≈≈≈#
....~~~≈≈≈≈≈≈≈≈≈≈≈≈≈≈≈≈≈≈≈≈≈≈≈≈≈# ###..~P≈≈≈≈≈≈≈≈≈≈≈≈≈≈≈≈≈≈≈≈≈≈≈≈≈# #
##.~~≈≈≈≈≈≈≈≈≈≈≈≈≈≈≈≈≈≈≈≈≈≈≈≈≈# # .~~≈≈≈≈≈≈≈≈≈≈≈≈≈≈≈≈≈≈≈≈≈≈≈≈≈#
.~~≈≈≈≈≈≈≈≈≈≈≈≈≈≈≈≈≈≈≈≈≈≈≈≈≈# ~~≈≈≈≈~~PP~~~~~~≈≈≈≈≈≈≈≈≈≈≈#
P~≈≈≈~P~~~~P~~~~~≈≈≈≈≈≈≈≈≈≈# ~~P~P~P~~~~@P~~~~~≈≈≈≈≈≈≈≈≈#
~P~~~~~..~.P.~~~~~~≈≈≈≈≈≈≈≈# ~P~P~~~......~~~~~~≈≈≈≈≈≈≈≈#
~P~......#!..~~~~~~≈≈≈≈≈≈≈≈# ~.P##.).##...~~~≈≈≈≈≈≈≈≈≈≈# #....##P~~~~~≈≈≈≈≈≈≈≈≈#
##..~..##~~~~~~≈≈≈≈≈≈≈≈# ≈≈≈≈ ~..[.~~~~...~~~~~≈≈≈≈≈≈≈≈# ~P~~P
~..~~~~~~..~~~~~~≈≈≈≈≈≈≈≈# Turn 22928 on Shoals:3: Book of the Senses in east
≈≈≈≈≈≈≈≈≈≈~~... ≈≈≈≈≈≈≈~~~~....... ≈≈≈≈≈≈~~~......... ≈≈≈≈~~~.........?.
~~~~~~............ ~~.~.............. .................. P......†..........
.......)@......... .t###.#(........#~ ####........# ###....##.. #....~# ?
#....~# #....## #....# Turn 23327 on Shoals:4: Alligator snapping turtle
.......^~...... ~~...~......... ~~..~~~~.~~~... ~....~~~≈~~~~.. ......~≈≈≈~~~~.
#....~≈≈~~~~~. #.~~..~~~~.. #~.@~~~~~.. ##..~~~~... #..~~~~... #....~~...
#......... #......... #......... .......... Turn 23391 on Shoals:4: Alarm trap.
##. #....# #. #....# #. #....# #. ###....# . #. # ##......#### #.
.~~##........... .. ................ .......@<....... ..........~~~~~~
........~~~~~~~~ .......~~~~~~~~~ ......~~~~~≈≈≈≈≈ ....~~~~~~≈≈≈≈≈≈
....~~~~~≈≈≈≈≈≈≈ [...~~~~≈≈≈≈≈≈≈≈ Turn 23507 on Shoals:4: Book of Rime
≈≈≈≈≈≈≈≈~~......~~~~ ~.......... ≈≈≈≈≈≈≈≈≈~......~~~~ ~~)........<
≈≈≈≈≈≈≈≈≈~~....~~~~ ~~~.......... ≈≈≈≈≈≈≈≈≈≈~...~# .~...........
≈≈≈≈≈≈≈≈≈≈~).#######............. ≈≈≈≈≈≈≈≈≈≈.##†~~~#~###.........~~
≈≈≈≈≈≈≈≈≈≈.##~~~≈~~~##........~~~ ≈≈≈≈≈≈≈≈≈≈.##~~#~#~###~.......~~~
≈≈≈≈≈≈≈≈≈≈.~#~≈~@~≈# #~.[.....~~≈ ≈≈≈≈≈≈≈≈≈≈.##~~#~#.# #........~~≈
≈≈≈≈≈≈≈≈≈≈.##~~~≈...##........~~~ ≈≈≈≈≈≈≈≈≈≈.###.~##.###........~~~
≈≈≈≈≈≈≈≈≈~~.~#######..........~~≈ ≈≈≈≈≈≈≈≈≈~~~~~#.~###......~~~~~≈≈
≈≈≈≈≈≈≈≈≈≈≈~~~~.........~≈≈≈≈~≈≈≈ ≈≈≈≈≈≈≈≈≈≈≈~~≈~.~~....~≈≈≈≈≈≈≈≈≈≈
≈≈≈≈≈≈≈≈≈~~~≈~~~...≈≈≈≈≈≈≈≈≈≈≈≈≈≈ Turn 23768 on Shoals:4: It's found in the
southwestern corner chamber. This area contains regular merfolk, sea snakes, and
a manticore. Not too bad. ............~~~~~~~≈≈≈≈≈# ...~~~~......~~~~~~≈≈≈≈≈#
......~^~~~~.....~~~~~~≈≈≈≈≈# ~~...~~~~~~~~...~~~~~~~≈≈≈≈≈#
~~..~~~~~~~~~~~~~######≈≈≈≈≈# ~....~~~≈~~~~~~~##~~~P##≈≈≈≈#
......~≈≈≈~~~~~~~~~≈≈~~#≈≈≈≈# #....~≈≈~~~~~~~~~~≈≈~~#≈≈≈≈#
#.~~..~~~~~~~@~~≈≈~~#≈≈≈≈# ⌠P!##~.<~~~~~~~~##~~~P##~≈≈≈#
...8##..~~~~~~~~~######~≈≈≈≈# ....?#..~~~~~~~~~~~~~~~~≈≈≈≈#
....P#..~~~~~~~~~~~~~~~≈≈≈≈≈# ....⌠#..~~~~~~~~~~~~~~~≈≈≈≈≈#
....P#..~~~~~~~~~~~~~~~~≈≈≈≈# ++####..~~~~~~~~~~~~~~~≈≈≈≈≈#
........~~~~~~~~~~~~~~~≈≈≈≈≈# Turn 24040 on Shoals:4: two oklob plants in east
...........~~~~~~~~≈≈≈≈≈# ............~~~~~~~≈≈≈≈≈# ...~~~~......~~~~~~≈≈≈≈≈#
....~^~~~......~~~~~~≈≈≈≈≈# ...~~~~~~~....~~~~~~~≈≈≈≈≈#
..~~~~~~~~~..~~######≈≈≈≈≈# ...~~~≈~~~~~~~##~~~~##≈≈≈≈#
....~≈≈≈~~~~~~~~~≈≈~~#≈≈≈≈# ....~≈≈~~~~~~~~~@≈≈~~#≈≈≈≈#
#.~~..~~~~~~~~~~≈≈~~#≈≈≈≈# !##~.<~~~~~~~~##~~~~##~≈≈≈#
.8##..~~~~~~~~~######~≈≈≈≈# ..?#..~~~~~~~~~~~~~~~~≈≈≈≈#
..P#..~~~~~~~~~~~~~~~≈≈≈≈≈# ..⌠#..~~~~~~~~~~~~~~~≈≈≈≈≈#
..P#..~~~~~~~~~~~~~~~~≈≈≈≈# ####..~~~~~~~~~~~~~~~≈≈≈≈≈# Turn 24058 on Shoals:4:
No treasures here, sadly. ####+++####...~)~.........~~≈≈≈≈≈
..............~~~..~~.....~~≈≈≈≈≈ .......... ...~~~~))....~~≈≈≈≈≈ ..........
######.)....~~≈≈≈≈≈ .......... ## ###).....~≈≈≈≈≈≈ ~.~~~~~~~~
##~###†)#~....~≈≈≈≈≈≈ ~~~~~~~~~~ #~~~≈~~)##....~≈≈≈≈≈≈ ≈≈≈≈≈≈≈≈~~
##~#~#~##~...~~≈≈≈≈≈≈ ≈≈≈≈≈≈≈≈≈≈.# #≈~@~≈##~...~~≈≈≈≈≈≈ ≈≈≈≈≈≈≈≈≈≈~#
#~#~#~###...~≈≈≈≈≈≈≈ ≈≈≈≈≈≈≈≈≈≈~##~~~≈~~~#~~..~≈≈≈≈≈≈≈
≈≈≈≈≈≈≈≈≈≈~###~#~~~##~~~.~≈≈≈≈≈≈≈ ≈≈≈≈≈≈≈≈≈≈≈~~#######...~~~≈≈≈≈≈≈≈
≈≈≈≈≈≈≈≈≈≈≈≈~#~##~~#...~~≈≈≈≈≈≈≈≈ ≈≈≈≈≈≈≈≈≈≈≈≈≈~~~~~~~~~~~≈≈≈≈≈≈≈≈≈
≈≈≈≈≈≈≈≈≈≈≈≈≈≈≈≈≈~~~~~~≈≈≈≈≈≈≈≈≈≈ ≈≈≈≈≈≈≈≈≈≈≈≈≈≈≈≈≈≈≈≈≈≈≈≈≈≈≈≈≈≈≈≈≈ Turn 24117
on Shoals:4: Rune in southeast vault. Contains strong merfolk, manticore, ice
giant, etc... #....#?.......?#..~~ #....#.........#...~ .~~ #....#⌠.......⌠#...~
~~~ ###....#.W.......#.... ~~~ ### ##......####+++####.... ~~~
#.~~##...................... ~t~ ~...........................~
~~~~~)........<...............~## ~~~~~...........@.............~##
.~............~~~.~~.......###~ ##.............~~~~~~~~~~~~~.##~~
~###..........~~~≈≈≈≈≈≈≈≈≈~~..##~ ~~##..........~~≈≈≈≈≈≈≈≈≈≈≈≈.###≈
~###~.......~~~≈≈≈≈≈≈≈≈≈≈≈≈≈~###~ ≈# #~.[.....~~≈≈≈≈≈≈≈≈≈≈≈≈≈≈~##~~
~###........~~≈≈≈≈≈≈≈≈≈≈≈≈≈≈~###~ ..##........~~~≈≈≈≈≈≈≈≈≈≈≈≈≈≈~~## Turn 24424
on Shoals:4: Scroll of silence did it. She has a +1 eveningstar of holy wrath.
~~~...~~≈≈~~~~~~ ~~...~~≈≈~~)~~) ~~...~~~~~~~)~) ##~..~~~~~~~~.. ##
####~~~~~~~~~~~.# ##~##~~~#~~~....##### #~~~≈~~~#.)....##..⌠.
##~#~#~.##....##8.... #~≈~@~≈###....#?..... ##~#~#.# #....#...... .........~~
#~[~≈~..##....#⌠..... ~~c~~~~~~~~###~~##.###....#.W....
~~~~~~~~~~~~~#######......####+++ ~~c~~~~~~~~~~#.~~##..............
~~~~~~~~~~~~~~................... ~@cmm~~~~~~~~)........<..~.~~~~~~
mmmm~~~~~~~~~~.....)...~[~~~~~~~~ Turn 24607 on Shoals:4: +0 leather armor of
willpower in vault west of ghost vault ≈≈≈≈≈≈≈≈≈≈≈≈~~~......
≈≈≈≈≈≈≈≈≈≈≈≈~~~...... ≈≈≈≈≈≈≈≈≈≈≈≈~~~...........#~~###.
≈≈≈≈≈≈≈≈≈≈≈≈~#######............. ≈≈≈≈≈≈≈≈≈≈≈~~### ##.............
≈≈≈≈≈≈≈≈≈≈~##~~###.##............ ≈≈≈≈≈≈≈≈≈≈~##~~~≈...##...........
≈≈≈≈≈≈≈≈≈≈~~##~#~#.~#............ ≈≈≈≈≈≈≈≈≈≈.##~≈~@.≈##~...........
≈≈≈≈≈≈≈≈≈≈.~##~#~#.~##........... ≈≈≈≈≈≈≈≈≈≈.##~~~≈...#~.........~~
≈≈≈≈≈≈≈≈≈≈.###~~##.###..<....~~## ≈≈≈≈≈≈≈≈≈≈≈..#######........~###~
≈≈≈≈≈≈≈≈≈≈≈~..#~##~#........~~#~~ ≈≈≈≈≈≈≈≈≈≈≈~................~###~
≈≈≈≈≈≈≈≈≈≈≈~.......)........~~#~≈ ≈≈≈≈≈≈≈≈≈≈≈~...............~~###~ Turn 24684
on Shoals:4: Quarto of Assembled Destruction in western chamber #. #..# ##.
.#...##.. .. ...... #.## # #...#..^####.## #.# .. ..^.##.#..# .... .###.#.^.[#.#
...#...#....[#.# #### #..#..#....#.####.#. #@#.#.#.##.#.##.[^
#..#..#...[#.#.....# ...#.^.#..^..#.#..#... [.^.#.###.#....#.....#.#
#^##.......##.##.#.#...# # ##...#...####..#.###.# . #.^^......##..#.......
..##...#...##..####...#. #..##..#####..#.....#.#. Turn 25303 on Spider:1: +2
robe of resistance #........## ##........# #........### #^##.....#.# # ####.#..#
###...# ##.#..## ## ###.....# #.# #@.....## #.#.# #.......##..##...#
##.##...###...# #. ###.# ###.# # #.# #.## ### ### Turn 26109 on Spider:2: staff
of cold in south ...............^. ................. .....
.............######..... .................#^....# ..#.....................
..#..................... .^#..........^.......... .##....<.†..†.>.<.......
#.........^††..@.....# #.(.#..^.......^.....# #....#.......#...$>..... #...
#..(....#.$.......# ^. #......##...##...## # ###...##....^#..## ##..###...?# ##
### #..... Turn 27377 on Spider:3: Fen Folio ###........#..# ##
##............^### ###. #....##..##......# ##..^ ##...#######..###.####.^..
#)..###....##.# #...###... #.†###......### #....#.... #..#######...# ##......^.
##...##.^#.##.# ##^...... #.........@...# #....... #...#...†.###^# #.......
#....######...# ###....^ #.!.# #......## #..... #.... ##...^## ##.... #....
###### ###.. ##.. .### # #.... #.... Turn 27741 on Spider:3: Undead vault in
northwest. Praise da shiny ONE! ###~.~~†~......~#~~~...#
######^~....##}~##...~~~~..# #####~~~#~...#~~##~.###~..†##.##
#.^~~~~~~...#####...# ##...~# #...~##~(.^~#####..#####~...#
#.####.....###..#''#[.###~.~## ######..~### #^..##...# ##~.~## ##~...##
#..[.....#####~.~# ##...~.# +..@.....##^.#~.^# #...~~#### ###########.~~~..###
##..~~~~..# ############.~~~..~~# .~.~###^..###~~.##...~###.^##y..~ .^~##
##.##~...........^#####~... ...### ###~.)......~#~.~### #~..#
~...~#####..~##~...~##~§..###÷..~ #.~~..~##...~##...~####...~#....#
###~~...^.~##~...~## #~......~## Turn 29624 on Spider:4: scarves of shadows and
resistance here ###~.~~†~......~#~~~ ######^~....##}~##...~~~~
#####~~~#~...#~~##~.###~..†## #.^~~~~~~...#####...# ##...~#
#...~##~(.^~#####..#####~...# #.####.....###..#''#[.###~.~# ######..~###
#^..##...# ##~.~ ##~...######..[.....#####~. ##...~.# #.@'........##^.#~.
#...~~#################.~~~. ###..~~~~..# ############.~~~.
##.~.~###^..###~~.##...~###.^## #~.^~## ##.##~...........^##### #~...###
###~.)......~#~.~### # ##~...~#####..~##~...~##~§..###
##.~~..~##...~##...~####...~#. ###~~...^.~##~...~## #~..... Turn 29633 on
Spider:4: That aside, Spider's Nest was pretty damn smooth for this character.
#......#...........+ #......#...........+ ##########'######### #.........#
#.........# #.........# #.........# #.........# #.....@...# #######+### Turn
30090 on Vaults:1: Book of Touch #############'##############.....
####...##############..... #..#...').##........'..... #..'...#.[##........#.....
####...#####........#....[ #...+ #........#..... +...# #........#..... #######
#...#####........#..... ......# #...'.@##........#..... ......#
+...#.)######'####..... ......# #..)####......# #..... ......# ###+# #......#
#..... ......# #......# #..... ......# #......# #..... ......# #......# #.....
......# #......# #..... ......# #......# #..... Turn 33143 on Vaults:2: Book of
Dangerous Friends #...........### #.#.#.#.#.#.#.. ........#...........#..
........#.#.#.#.#.#.### ........#...........'.. ........#.#.#.#.#.#.'..
........#...........'.. ........#############.. ......@.............###
.........[............. ....................... .......###############. .......#
#. ..?....# #. ......(# #. #. #. Turn 33893 on Vaults:3: Lame.
...............).# ##########....)..# #.......# ##########.......#
##.#.#.#.##.......# #.........'.......# ##.#.#.#.##.......# #####.####.......#
##@#.#.#.##.......# #.........#.......# ##.#.#.#.##.......# ##########.......#
#........ .......... ########## Turn 36131 on Vaults:4: Unrestrained Analects in
south

Levels and vault maps discovered:
D:1:      dpeg_chamrin_arrival_tetris, layout_loops_ring,
          ebering_ecumenical_altar_box
D:2:      layout_basic, serial_forest, infiniplex_forest_straight_2,
          infiniplex_forest_clump_diagonal, infiniplex_forest_lined_ring,
          infiniplex_forest_lined_3, infiniplex_forest_split,
          infiniplex_forest_straight_4, minmay_pentomino_p2
D:3:      kb_forest_paths, layout_rooms, bloody_trog,
          amcnicky_mini_rare_corridor_liquid, serial_bayou_pond_a,
          minmay_checkerbox, uniq_crazy_yiuf_cottage, uniq_sigmund
D:4:      nicolae_cairo_tiling_large, layout_rooms, mainiacjoe_overflow_24_doors
D:5:      minmay_goblin_kobold_castle, layout_basic,
          mainiacjoe_overflow_brackets, lemuel_zombie_altar_kikubaaqudgha,
          serial_shops, kennysheep_mini, bh_walls_and_bars
D:6:      kennysheep_big_flooded_room, layout_rooms, good_gods_mini_temple,
          minmay_temple_entry_ruins
D:7:      layout_loops_ring, hangedman_abyss_or_decor_passed, uniq_maggie,
          uniq_menkaure, uniq_pikel
D:8:      layout_cave_pods, uniq_psyche
D:9:      layout_basic, lair_entry_dummy, enter_bailey_2, nicolae_eternal_life,
          grunt_decor_fettered
D:10:     layout_roguey, marbit_many_paths, due_unseen_surprise, uniq_urug
D:11:     layout_roguey, zombieorc2_lemuel, dk_vineyard_3, minmay_starry_boxes
D:12:     layout_basic, minivault_5, chequers_serial_rivers_micro_a, uniq_lodul
D:13:     nicolae_cairo_tiling_large_dashed, layout_basic
D:14:     layout_irregular_city, grunt_vaults_entry_fortified,
          gauntlet_entry_generic, nicolae_qazlal_eye_of_the_storm
D:15:     grunt_enter_depths_hoard, layout_irregular_city,
          chequers_serial_rivers_room_b, uniq_rupert
Temple:   zaba_magenta_temple
Lair:1:   layout_regular_city, chequers_serial_rivers_large_a
Lair:2:   layout_misc_corridors, nicolae_spider_entry_tight_spaces, st_stairs_7,
          minmay_lindwurm_lava, lemuel_fruit_fields, infiniplex_staircase_pool
Lair:3:   layout_regular_city, nicolae_shoals_entry_roost, fungi_pond_lemuel,
          lemuel_centaur_altar
Lair:4:   layout_small_grid, minmay_hedge_maze
Lair:5:   hangedman_lair_caniforms_friends, layout_loops_ring, wormcave,
          slime_entry_2, grunt_forest_stairs_basic, minmay_shattered_shrine,
          uniq_sonja
Shoals:1: layout_shoals
Shoals:2: layout_shoals, serial_shops, shop, uniq_ilsuiw
Shoals:3: layout_shoals, uniq_bai_suzhen
Shoals:4: shoals_end_grunt_ice, layout_shoals, gammafunk_ghost_cemetery,
          nicolae_shoals_this_corrosion, uniq_louise
Spider:1: cheibrodos_spider_silkery, gammafunk_ghost_mausoleum
Spider:2: layout_chambers
Spider:3: layout_spider_delve, nicolae_spider_undead_wolf_pack
Spider:4: spider_rune_water, nicolae_spider_scorpion_nest, uniq_mlioglotl,
          uniq_kirke
Vaults:1: ebering_ghost_gozag, nicolae_vaults_swerve, v_rooms_6,
          nicolae_vaults_door_testing_chamber, nicolae_vaults_wine_cellar,
          nicolae_vaults_trapezoid_1, v_misc_11, ontoclasm_vaults_idyll,
          hangedman_vaults_capsules, vaults_room_grid, vaults_room_corners,
          vaults_dpeg_ring, nicolae_vaults_two_Ls,
          nicolae_vaults_storage_room_doors, layout_vaults_ring, serial_shops,
          nicolae_shop_temple_entry_statues_fountains
Vaults:2: ontoclasm_vaults_pinch, nicolae_vaults_storage_room_statues,
          nicolae_vaults_storage_closets_1, nicolae_vaults_tetromino_L_1,
          ontoclasm_vaults_chip, v_pattern_4, hangedman_vaults_slice,
          nicolae_vaults_doubleplus_tesselated, nicolae_vaults_cornered_office,
          nicolae_vaults_asterisk, layout_vaults_omnicross, serial_shops, shop,
          uniq_mara
Vaults:3: nicolae_vaults_turnstiles, vaults_room_fancy_cross,
          minmay_crypt_entry_simple_plaza, v_alt_pattern_1,
          vaults_mumra_minichess, nicolae_vaults_diamond_2, st_lattice,
          nicolae_vaults_little_squares_4, layout_vaults_big_room, serial_shops,
          shop
Vaults:4: v_misc_18, ontoclasm_vaults_eye, nicolae_vaults_more_shelving_1,
          nicolae_vaults_cochlea, v_misc_14, v_misc_28, vaults_room_hallway,
          ontoclasm_vaults_loading_screen, layout_vaults_omnigrid, uniq_jory
Vaults:5: serial_shops

Skill      XL: |  1  2  3  4  5  6  7  8  9 10 11 12 13 14 15 16 17 18 19 20 21 |
---------------+----------------------------------------------------------------+-----
Long Blades    | 3 4 5 6 9 10 12 13 | 13.8
Armour         | 4 5 6 7 8 9 11 12 14 17 19 20 | 20.7
Fighting       | 4 5 6 8 10 14 17 18 | 18.0
Shields        | 4 6 9 11 13 15 16 18 20 22 24 | 24.0
Stealth        | 1 3 6 |  6.0
Invocations    | 2 5 6 7 9 |  9.0
Short Blades   | 6 7 |  7.0
Dodging        | 2 6 7 |  7.1
Air Magic      | 3 |  3.0

Action                     |  1- 3 |  4- 6 |  7- 9 | 10-12 | 13-15 | 16-18 | 19-21 || total
---------------------------+-------+-------+-------+-------+-------+-------+-------++-------
  Melee: Long sword        |    95 |    36 |       |     5 |   147 |   233 |     3 ||   519
         Peck              |    12 |     6 |    18 |    93 |   211 |   381 |   364 ||  1085
         Kick              |    23 |    12 |    56 |   148 |   414 |   725 |   608 ||  1986
         Eudemon blade     |       |    38 |   210 |   413 |   628 |  1198 |  1036 ||  3523
         Staff             |       |       |       |       |       |       |     1 ||     1
  Throw: Throwing net      |       |       |       |       |     1 |       |       ||     1
 Invoke: Divine Shield     |       |       |       |     1 |     1 |     2 |     5 ||     9
         Cleansing Flame   |       |       |       |       |       |       |     3 ||     3
         Summon Divine War |       |       |       |       |       |       |     3 ||     3
         Brand Weapon With |       |       |       |       |       |       |     1 ||     1
  Evoke: Wand              |       |       |       |     3 |    13 |    19 |     3 ||    38
    Use: Scroll            |     3 |       |    11 |     7 |    16 |    13 |    10 ||    60
         Potion            |     1 |     1 |     2 |     7 |     6 |     5 |    15 ||    37
 Armour: Scale mail        |    33 |    17 |    42 |       |       |       |       ||    92
         Chain mail        |       |       |    41 |    57 |   192 |    74 |       ||   364
         Swamp dragon scal |       |       |       |    22 |       |       |       ||    22
         Gold dragon scale |       |       |       |       |       |   353 |   318 ||   671
  Dodge: Dodged            |    40 |    31 |   142 |   198 |   179 |   447 |   328 ||  1365
  Block: Buckler           |    22 |    15 |    55 |    19 |       |       |       ||   111
         Tower shield      |       |       |       |   168 |   478 |  1652 |  1385 ||  3683
         Reflection        |       |       |       |       |       |    38 |    73 ||   111
